 Dungeon Crawl Stone Soup version 0.25-a0-942-g87a53962fc (webtiles) character file.

Game seed: 7176490343971049, levelgen mode: deterministic

1314502 cica the Invulnerable (level 27, -8/192 HPs)
             Began as a Gargoyle Fighter on May 5, 2020.
             Was the Champion of the Shining One.
             Mangled by an acid blob (16 damage)
             ... while paralysed by a great orb of eyes
             ... on level 24 of a ziggurat on May 6, 2020.
             The game lasted 08:33:29 (112456 turns).

cica the Invulnerable (Gargoyle Fighter)          Turns: 112456, Time: 08:33:30

Health: -8/192     AC: 55    Str: 33    XL:     27
Magic:  37/54      EV:  2    Int: 29    God:    the Shining One [******]
Gold:   2570       SH:  0    Dex: 24    Spells: 0/80 levels left

rFire    + . .     SeeInvis .   T - +9 eveningstar (holy)
rCold    + . .     Gourm    .   i - +0 kite shield of Yroy {+Inv rElec Regen+ Dex-2}
rNeg     + + +     Faith    .   b - +9 crystal plate armour of Indemnity {rN+ Int+4}
rPois    ∞         Spirit   .   O - +2 hat of Xaus {Str+2 Int+4}
rElec    +         Reflect  +   Z - +2 cloak of Duck's Teeth {rElec rCorr Dex+8}
rCorr    +         Harm     .   G - +2 pair of gloves {Str+3}
MR       ++...                  z - +2 pair of boots "Vacesm" {Str+6}
Stlth    ..........             s - amulet "Syset" {Reflect rPois Str-3 Int+4 Dex+7 SH+4}
HPRegen  0.82/turn              e - ring "Abyas" {+Blink rF+ rN+ Dex+2}
MPRegen  0.34/turn              c - ring of Robustness {AC+8}

@: paralysed, brilliant, corroded, very slightly contaminated, glowing, studying
2 skills
A: big wings, hooves 1, cold resistance 1, mutation resistance 1, negative
energy resistance 1, electricity resistance, unbreathing, petrification
resistance, rot immunity, AC +20
}: 10/15 runes: serpentine, barnacled, slimy, silver, golden, obsidian, icy,
bone, abyssal, fiery
a: Fly, Divine Shield, Cleansing Flame, Summon Divine Warrior, Renounce
Religion, Evoke Blink, Evoke Invisibility


You were on level 24 of a ziggurat.
You worshipped the Shining One.
The Shining One was exalted by your worship.
You were not hungry.

You visited 18 branches of the dungeon, and saw 86 of its levels.
You visited Pandemonium 1 time, and saw 4 of its levels.
You visited the Abyss 4 times.
You visited 1 bazaar.
You visited 1 ziggurat, and saw 24 of its levels.
You also visited: Gauntlet.

You collected 13511 gold pieces.
You spent 10941 gold pieces at shops.

Inventory:

Hand Weapons
 u - a +9 vorpal eveningstar
 T - a +9 eveningstar of holy wrath (weapon)
 U - the +3 Elemental Staff {rElec rF++ rC++ MR++ AC+5}
   (You acquired it on level 1 of the Abyss)

   It affects your AC (+5).
   It greatly protects you from fire.
   It greatly protects you from cold.
   It insulates you from electricity.
   It affects your resistance to hostile enchantments.
Missiles
 a - 10 throwing nets
 r - 161 silver javelins (quivered)
Armour
 b - the +9 crystal plate armour of Indemnity (worn) {rN+ Int+4}
   (You acquired it in Pandemonium)

   It affects your intelligence (+4).
   It protects you from negative energy.
 i - the +0 kite shield of Yroy (worn) {+Inv rElec Regen+ Dex-2}
   (You took it off Asterion on level 4 of the Snake Pit)

   It affects your dexterity (-2).
   It insulates you from electricity.
   It lets you turn invisible.
   It increases your rate of regeneration.
 x - +12 gold dragon scales
 z - the +2 pair of boots "Vacesm" (worn) {Str+6}
   (You found it on level 7 of Cocytus)

   It affects your strength (+6).
 G - a +2 pair of gloves of strength (worn)
 J - the +0 tower shield of Melancholy {Str+2}
   (You acquired it on level 6 of a ziggurat)

   It affects your strength (+2).
 O - the +2 hat of Xaus (worn) {Str+2 Int+4}
   (You acquired it on level 10 of the Dungeon)

   It affects your strength (+2).
   It affects your intelligence (+4).
 Z - the +2 cloak of Duck's Teeth (worn) {rElec rCorr Dex+8}
   (You found it in a Gauntlet)

   It affects your dexterity (+8).
   It insulates you from electricity.
   It provides partial protection from all sources of acid and corrosion.
Jewellery
 c - the ring of Robustness (right hand) {AC+8}
   (You found it on level 7 of Tartarus)

   [ring of protection]

   It affects your AC (+8).
 e - the ring "Abyas" (left hand) {+Blink rF+ rN+ Dex+2}
   (You took it off Sojobo on level 3 of the Crypt)

   [ring of positive energy]

   It affects your dexterity (+2).
   It protects you from fire.
   It protects you from negative energy.
   It lets you blink.
 n - the ring of Hutug {rF++ Str+4, unknown}
   (You found it on level 23 of a ziggurat)

   [ring of strength]

   It affects your strength (+4).
   It greatly protects you from fire.
 s - the amulet "Syset" (around neck) {Reflect rPois Str-3 Int+4 Dex+7 SH+4}
   (You found it on level 7 of a ziggurat)

   [amulet of reflection]

   It shields you and reflects attacks.
   It affects your strength (-3).
   It affects your intelligence (+4).
   It affects your dexterity (+7).
   It protects you from poison.
   It affects your SH (+4).
 t - an uncursed amulet of guardian spirit
Wands
 l - a wand of iceblast (71)
 o - a wand of digging (41)
 Q - a wand of acid (43)
Scrolls
 h - 25 scrolls of teleportation
 k - 44 scrolls of remove curse
 p - 22 scrolls of amnesia
 y - 16 scrolls of identify
 B - 7 scrolls of silence
 H - 9 scrolls of fear
 I - 3 scrolls of holy word
 L - 15 scrolls of fog
 N - 13 scrolls of immolation
 P - 4 scrolls of magic mapping
 X - a scroll of brand weapon
Potions
 d - 6 potions of might
 g - 10 potions of stabbing
 q - 2 potions of resistance
 v - 9 potions of berserk rage
 A - 3 potions of brilliance
 C - 9 potions of mutation
 F - 19 potions of curing
 M - 5 potions of haste
 S - 7 potions of cancellation
Books
 m - a manual of Crossbows
 K - a manual of Air Magic
Miscellaneous
 j - a phial of floods
 E - 24 phantom mirrors
 R - 27 tins of tremorstones
 V - a lightning rod (4/4)
 W - a figurine of a ziggurat
 Y - 20 boxes of beasts
Comestibles
 f - 91 rations
 D - 8 chunks of flesh


   Skills:
 + Level 24.8 Fighting
 - Level 22.0 Maces & Flails
 - Level 16.0 Throwing
 O Level 27 Armour
 + Level 20.0 Shields
 O Level 27 Spellcasting
 - Level 22.0 Conjurations
   Level 3.0 Hexes
 - Level 10.0 Summonings
 * Level 13.7 Translocations
   Level 3.0 Transmutations
 O Level 27 Fire Magic
 + Level 19.8 Air Magic
 O Level 27 Earth Magic
 - Level 15.0 Invocations
 - Level 10.0 Evocations


You couldn't memorise any spells.
You knew the following spells:

 Your Spells              Type           Power        Failure   Level  Hunger
a - Controlled Blink      Tloc           N/A          56%         8    None
b - Lee's Rapid Deconstr  Erth           ########..   0%          5    None
c - Stone Arrow           Conj/Erth      ######       0%          3    None
d - Lehudib's Crystal Sp  Conj/Erth      ########..   1%          8    None
e - Iron Shot             Conj/Erth      ########..   1%          6    None
f - Shatter               Erth           ########..   4%          9    None
g - Bolt of Magma         Conj/Fire/Erth ########..   0%          5    None
h - Ignition              Fire           ########..   1%          8    None
j - Spellforged Servitor  Conj/Summ      ########..   3%          7    None
k - Orb of Destruction    Conj           ########..   1%          7    None
l - Aura of Abjuration    Summ           #######...   1%          5    None
m - Tornado               Air            ########..   65%         9    None

Your spell library contained the following spells:

 Spells                   Type           Power        Failure   Level  Hunger
 Apportation              Tloc           ######       0%          1    None
 Foxfire                  Conj/Fire      ####         0%          1    None
 Magic Dart               Conj           ####         0%          1    None
 Sandblast                Erth           ######       0%          1    None
 Shock                    Conj/Air       ####         0%          1    None
 Blink                    Tloc           N/A          0%          2    None
 Passwall                 Tmut/Erth      ########     0%          2    None
 Searing Ray              Conj           ######       0%          2    None
 Conjure Flame            Conj/Fire      ########     0%          3    None
 Static Discharge         Conj/Air       ########     0%          3    None
 Airstrike                Air            ########..   0%          4    None
 Sticky Flame             Conj/Fire      ########     0%          4    None
 Fireball                 Conj/Fire      ########..   0%          5    None
 Lightning Bolt           Conj/Air       ########..   0%          5    None
 Beastly Appendage        Tmut           ######       1%          1    None
 Corona                   Hex            ######.      1%          1    None
 Sting                    Tmut/Pois      ####         1%          1    None
 Summon Butterflies       Summ           #######.     1%          1    None
 Summon Small Mammal      Summ           ####         1%          1    None
 Call Imp                 Summ           #######.     1%          2    None
 Corpse Rot               Necr/Air       N/A          1%          2    None
 Poisonous Vapours        Pois/Air       ######       1%          2    None
 Shroud of Golubria       Chrm/Tloc      ######       1%          2    None
 Slow                     Hex            ######..     1%          2    None
 Sticks to Snakes         Tmut           ######..     1%          2    None
 Swiftness                Chrm/Air       #######.     1%          2    None
 Call Canine Familiar     Summ           #######.     1%          3    None
 Dazzling Flash           Conj/Hex       ######       1%          3    None
 Gell's Gravitas          Tloc           ########..   1%          3    None
 Ignite Poison            Fire/Tmut/Pois #######.     1%          3    None
 Inner Flame              Hex/Fire       ########     1%          3    None
 Lesser Beckoning         Tloc           ########..   1%          3    None
 Mephitic Cloud           Conj/Pois/Air  ########     1%          3    None
 Portal Projectile        Hex/Tloc       ######       1%          3    None
 Recall                   Summ/Tloc      N/A          1%          3    None
 Summon Guardian Golem    Hex/Summ       #######.     1%          3    None
 Teleport Other           Tloc           ########     1%          3    None
 Fulminant Prism          Conj/Hex       ########..   1%          4    None
 Hailstorm                Conj/Ice       ########     1%          4    None
 Iskenderun's Mystic Bla  Conj/Tloc      ########     1%          4    None
 Leda's Liquefaction      Hex/Erth       ########..   1%          4    None
 Passage of Golubria      Tloc           N/A          1%          4    None
 Petrify                  Tmut/Erth      ########     1%          4    None
 Summon Lightning Spire   Summ/Air       ########     1%          4    None
 Borgnjor's Vile Clutch   Necr/Erth      ########..   1%          5    None
 Irradiate                Conj/Tmut      ########..   1%          5    None
 Iskenderun's Battlesphe  Conj/Chrm      ########     1%          5    None
 Silence                  Hex/Air        ########..   1%          5    None
 Summon Demon             Summ           #######...   1%          5    None
 Summon Forest            Summ/Tloc      ########..   1%          5    None
 Conjure Ball Lightning   Conj/Air       ########..   1%          6    None
 Dispersal                Tloc           ########..   1%          6    None
 Freezing Cloud           Conj/Ice/Air   ########..   1%          6    None
 Starburst                Conj/Fire      ########..   1%          6    None
 Ensorcelled Hibernation  Hex/Ice        ######       2%          2    None
 Confusing Touch          Hex            ######..     2%          3    None
 Tukima's Dance           Hex            ######..     2%          3    None
 Animate Skeleton         Necr           N/A          3%          1    None
 Freeze                   Ice            ####         3%          1    None
 Infusion                 Chrm           ####         3%          1    None
 Pain                     Necr           ####         3%          1    None
 Summon Ice Beast         Ice/Summ       #######.     3%          4    None
 Chain Lightning          Conj/Air       ########..   3%          8    None
 Song of Slaying          Chrm           ######..     4%          2    None
 Spectral Weapon          Hex/Chrm       ######..     4%          3    None
 Spider Form              Tmut/Pois      ######....   4%          3    None
 Summon Mana Viper        Hex/Summ       #######.     5%          5    None
 Shadow Creatures         Summ           N/A          8%          6    None
 Frozen Ramparts          Ice            ######       9%          3    None
 Ozocubu's Armour         Chrm/Ice       ######..     9%          3    None
 Vampiric Draining        Necr           ######....   9%          3    None
 Cause Fear               Hex            ######....   9%          4    None
 Ring of Flames           Chrm/Fire      ########..   10%         7    None
 Fire Storm               Conj/Fire      ########..   13%         9    None
 Ice Form                 Ice/Tmut       ######..     16%         4    None
 Malign Gateway           Summ/Tloc      ########..   19%         7    None
 Blade Hands              Tmut           ######....   24%         5    None
 Yara's Violent Unravell  Hex/Tmut       ######....   24%         5    None
 Animate Dead             Necr           N/A          28%         4    None
 Dispel Undead            Necr           ######..     28%         4    None
 Olgreb's Toxic Radiance  Pois           ######..     28%         4    None
 Monstrous Menagerie      Summ           #######...   38%         7    None
 Summon Greater Demon     Summ           #######...   38%         7    None
 Summon Hydra             Summ           #######...   38%         7    None
 Alistair's Intoxication  Tmut/Pois      ######..     41%         5    None
 Metabolic Englaciation   Hex/Ice        ######....   41%         5    None
 Disjunction              Tloc           ########..   56%         8    None
 Agony                    Necr           ######..     63%         5    None
 Excruciating Wounds      Chrm/Necr      ######....   63%         5    None
 Darkness                 Hex            ######....   78%         6    None
 Hydra Form               Tmut           ######....   78%         6    None
 Invisibility             Hex            ######..     78%         6    None
 Eringya's Noxious Bog    Tmut/Pois      ######....   94%         6    None
 Haunt                    Necr/Summ      #######...   97%         7    None
 Summon Horrible Things   Summ           #######...   97%         8    None
 Death Channel            Necr           ######....   99%         6    None
 Ozocubu's Refrigeration  Ice            ######....   99%         6    None
 Simulacrum               Ice/Necr       ######....   99%         6    None
 Dragon Form              Tmut           ######....   100%        7    None
 Borgnjor's Revivificati  Necr           ######....   100%        8    None
 Death's Door             Chrm/Necr      ######....   100%        8    None
 Discord                  Hex            ######....   100%        8    None
 Infestation              Necr           ######....   100%        8    None
 Necromutation            Tmut/Necr      ######....   100%        8    None
 Absolute Zero            Ice            ######....   100%        9    None
 Dragon's Call            Summ           #######...   100%        9    None
 Statue Form              Tmut/Erth      Unusable     N/A         6    N/A
 Sublimation of Blood     Necr           Unusable     N/A         2    N/A

Dungeon Overview and Level Annotations

Branches:
Dungeon (15/15)            Temple (1/1) D:6            Lair (6/6) D:8
 Shoals (4/4) Lair:3        Snake (4/4) Lair:4        Slime (5/5) Lair:6
    Orc (2/2) D:11            Elf (3/3) Orc:2        Vaults (5/5) D:14
  Crypt (3/3) Vaults:2       Tomb (3/3) Crypt:3      Depths (5/5) D:15
   Hell (visited)             Dis (7/7) Hell            Geh (7/7) Hell
    Coc (7/7) Hell            Tar (7/7) Hell            Zot (4/5) Depths:5
Gauntlet (visited)

Altars:
Ashenzari
Cheibriados
Dithmenos
Elyvilon
Fedhas
Gozag
Hepliaklqana
Kikubaaqudgha
Makhleb
Nemelex Xobeh
Okawaru
Qazlal
Ru
Sif Muna
Trog
Uskayaw
Vehumet
Wu Jian
Xom
Yredelemnul
Zin
The Shining One
Beogh
Jiyva

Shops:
D:7 *   D:10 ?   D:11 }   Orc:1 *   Orc:2 }(!(   Elf:3 (   Shoals:4 !
Snake:1 *   Snake:2 (*=   Snake:4 }   Vaults:2 *   Vaults:5 =   Depths:2 }=}

Portals:
Hell: Depths:1 Depths:2 Depths:3 Depths:4 Depths:5
Abyss: Depths:1 Depths:3 Depths:4
Pandemonium: Depths:3 Depths:4
Bazaar: Elf:1

Annotations:
D:2 1 runed translucent door, Crazy Yiuf
D:9 1 runed translucent door, exclusion: door, ra1n577's ghost, journeyman MfBe
Dis:7 exclusion: 4 doors
Zig:24 exclusion: oklob plant


Innate Abilities, Weirdness & Mutations

You are resistant to torment.
Your stone body is resilient. (AC +20)
You are immune to poison.
Your large and strong wings let you fly indefinitely.
You resist negative energy. (rN+)
You are resistant to electric shocks. (rElec)
You can survive without breathing.
You are immune to petrification.
You are immune to rotting.
You have large cloven feet.
Your flesh is cold resistant. (rC+)
You are somewhat resistant to further mutation.


Message History

* * * LOW HITPOINT WARNING * * *
The acid blob spits acid at you.
The splash of acid hits you but does no damage.
You are splashed with acid!
You resist.
* * * LOW HITPOINT WARNING * * *
The acid blob spits acid at you. The splash of acid hits you. You resist.
* * * LOW HITPOINT WARNING * * *
You are splashed with acid!
You resist.
* * * LOW HITPOINT WARNING * * *
The acid blob hits you but does no damage.
The great orb of eyes bites you.
* * * LOW HITPOINT WARNING * * *
The acid blob hits you but does no damage.
The acid blob spits acid at you.
The splash of acid hits you but does no damage.
You are splashed with acid.
You resist.
* * * LOW HITPOINT WARNING * * *
The acid blob hits you!
You die...

......P.P......
.......................P
........................
.......G................
........................
.......J................
:..JJ.JJJ...............
?JJJ.JJ@................
"..JG.JGJ..J............
|J......................
:....J..................
.......J................
........................
........................
........................
................P


You could see 10 acid blobs, 3 azure jellies, 2 great orbs of eyes, 5 slime
creatures, an oklob plant and an eye of draining.

Vanquished Creatures
  the Royal Jelly (Slime:5)
  Ereshkigal (Tar:7)
  the Serpent of Hell (Tar:7)
  9 pandemonium lords
  2 orbs of fire
  Mennas (Depths:3)
  2 juggernauts (Depths:4)
  14 ancient liches
  The ghost of Utoppaes the Warrior, a veteran GrFi of the Shining One (Crypt:1)
  The ghost of Ygymor the Warrior, a veteran GrFi of the Shining One (Crypt:1)
  24 greater mummies
  Boris (twice) (Depths:5 Tomb:1)
  Sojobo (Crypt:3)
  24 shard shrikes
  Frederick (Depths:3)
  Saint Roka (Vaults:4)
  3 Killer Klowns
  Margery (Crypt:3)
  4 curse toes
  Geryon (Hell)
  8 golden dragons
  2 caustic shrikes
  35 bone dragons
  3 profane servitors (Abyss:5)
  10 doom hounds
  the Enchantress (Depths:5)
  17 Tzitzimimeh
  29 Brimstone Fiends
  19 liches
  23 tentacled monstrosities
  5 electric golems
  A hellephant (Abyss:5)
  20 Ice Fiends
  A shard shrike skeleton (Crypt:1)
  Asterion (Snake:4)
  8 iron giants
  7 Hell Sentinels
  25 acid blobs
  2 deep elf master archers (Elf:3)
  3 deep elf blademasters
  13 titans
  6 death cobs
  8 quicksilver dragons
  5 Executioners
  Polyphemus (Shoals:4)
  2 krakens
  23 sphinxes
  Frances (D:13)
  Agnes (D:15)
  25 shadow dragons
  20 storm dragons
  50 ancient champions
  3 thorn hunters
  52 tentacled starspawn
  Roxanne (Snake:4)
  17 draconian monks
  19 azure jellies
  9 revenants
  10 tengu reavers
  13 nagarajas
  2 iron dragons (Vaults:5)
  13 frost giants
  20 draconian scorchers
  27 vault wardens
  12 fire giants
  23 draconian knights
  An orc warlord (Vaults:4)
  15 draconian shifters
  6 cacodemons
  Aizul (Shoals:4)
  Louise (Shoals:4)
  25 balrugs
  6 ghost moths
  3 angels
  13 deep elf sorcerers
  5 deep elf elementalists
  4 emperor scorpions (Zig:15)
  A juggernaut zombie (Zig:14)
  73 reapers
  3 spriggan defenders (Depths:5)
  6 ghouls
  12 draconian stormcallers
  3 warmongers (Pan)
  20 stone giants
  8 curse skulls
  5 elemental wellsprings
  30 very ugly things
  19 ironheart preservers
  2 stone giants (shapeshifter) (Zig:13)
  29 draconian annihilators
  9 blood saints
  2 ophanim
  4 war gargoyles
  12 bennus
  A corrupter (Zig:19)
  19 black draconians
  10 vampire knights
  18 lorocyprocas
  An entropy weaver (Vaults:3)
  20 white draconians
  29 green draconians
  A minotaur (Gauntlet)
  4 deep elf demonologists
  14 deep elf annihilators
  The ghost of Lewno the Basher, a journeyman DsBe of Trog (Snake:2)
  17 yellow draconians
  2 black suns (Pan)
  13 red draconians
  25 blizzard demons
  25 purple draconians
  18 merfolk javelineers
  2 crystal guardians
  13 deep elf death magi
  15 ettins
  13 merfolk impalers
  21 spark wasps
  15 green deaths
  9 eidola
  Snorg (Orc:1)
  23 mummy priests
  19 death oozes
  16 yaktaur captains
  10 quicksilver dragon zombies
  21 ogre magi
  10 fire dragons
  7 deep elf high priests
  17 jiangshi
  A great orb of eyes (shapeshifter) (Zig:13)
  18 great orbs of eyes
  32 ice dragons
  9 quicksilver dragon skeletons
  15 naga warriors
  Erolcha (D:12)
  A hell beast (Pan)
  17 hydras
  A hydra (shapeshifter) (Zig:17)
  5 shambling mangroves
  38 vault guards
  6 ghost crabs
  6 merfolk avatars
  10 alligators
  6 anacondas
  37 two-headed ogres
  5 spriggan air magi
  A two-headed ogre (shapeshifter) (Depths:1)
  2 death knights
  22 rakshasas
  Erica (Orc:1)
  8 centaur warriors
  4 tengu warriors
  A catoblepas (Shoals:4)
  11 merfolk aquamancers
  26 dancing weapons
  7 alligator snapping turtles
  2 queen ants (shapeshifter)
  4 deep troll shamans
  10 death yaks
  7 satyrs
  34 death scarabs
  18 deep troll earth magi
  42 hell hogs
  10 titan zombies
  85 thrashing horrors
  A shock serpent (shapeshifter) (Zig:17)
  A death yak (shapeshifter) (Abyss:5)
  12 vampire magi
  5 orc high priests
  Nergalle (Orc:2)
  12 storm dragon zombies
  Sonja (Orc:1)
  3 iron golems
  7 shock serpents
  12 naga sharpshooters
  24 deep elf knights
  37 soul eaters
  11 spriggan berserkers
  43 sun demons
  An iron troll (shapeshifter) (Zig:13)
  50 wretched stars
  A fire crab (shapeshifter) (Depths:1)
  179 skeletal warriors
  7 titan skeletons
  12 flayed ghosts
  74 hell knights
  13 iron trolls
  A quicksilver dragon simulacrum (Coc:1)
  A sea snake (shapeshifter) (Abyss:5)
  17 spatial maelstroms
  23 shadow wraiths
  6 golden dragon zombies
  4 salamander mystics
  14 sixfirhies
  A fire crab (Abyss:4)
  22 sea snakes
  15 anaconda zombies
  2 storm dragon skeletons
  9 wizards
  2 cherubim
  6 unseen horrors
  A ghost moth zombie (Geh:1)
  33 deep trolls
  3 torturous demonspawn (Pan)
  8 swamp dragons
  8 death drakes (Zig:22)
  8 glowing orange brains
  7 naga ritualists
  3 spriggan druids
  15 deep elf archers
  An obsidian statue (Snake:2)
  32 shadow demons
  3 infernal demonspawn (Pan)
  2 gelid demonspawn (Pan)
  22 necromancers
  3 lindwurms (Lair:6)
  An iron giant skeleton (Crypt:1)
  17 orc knights
  3 orange crystal statues
  20 ironbrand convokers
  9 anaconda skeletons
  13 golden dragon skeletons
  8 iron dragon zombies
  6 shadow dragon zombies
  30 phantasmal warriors
  19 fauns
  22 harpies
  5 wolf spiders
  An orb spider (shapeshifter) (Abyss:5)
  3 shadow dragon skeletons
  11 mana vipers
  6 stone giant zombies
  9 wolf spider zombies
  46 ugly things
  A tengu skeleton (Vaults:5)
  10 frost giant zombies
  4 shining eyes
  12 fire giant zombies
  An orb spider (Abyss:5)
  12 orc sorcerers
  A wolf spider (shapeshifter) (Zig:13)
  115 slime creatures
  19 manticores
  17 oklob plants
  A mana viper (shapeshifter) (Vaults:5)
  2 iron dragon skeletons
  12 salamanders
  76 deep elf magi
  12 worldbinders
  3 salamanders (shapeshifter)
  6 stone giant skeletons
  13 apocalypse crabs
  11 merfolk sirens
  10 cyclopes
  39 rust devils
  19 moths of wrath
  A toenail golem (Abyss:5)
  A guardian serpent (shapeshifter) (Abyss:5)
  An elephant (shapeshifter) (Vaults:5)
  10 water nymphs
  6 fire giant skeletons
  3 eyes of devastation
  4 ice statues
  8 dire elephant zombies
  3 shock serpent zombies
  2 elephants (Lair:6)
  37 black mambas
  2 black mambas (shapeshifter) (Vaults:2)
  12 guardian serpents
  33 vault sentinels
  5 centaur zombies
  19 naga magi
  13 orange demons
  4 storm dragon simulacra
  8 frost giant skeletons
  2 titan simulacra
  A torpor snail (Lair:6)
  A water nymph (shapeshifter) (D:15)
  12 molten gargoyles
  67 smoke demons
  8 dire elephant skeletons
  A spiny frog (shapeshifter) (Vaults:4)
  33 hellions
  A shock serpent skeleton (Geh:1)
  12 spiny frogs
  2 rime drakes (shapeshifter)
  A red draconian zombie (Dis:7)
  3 centaur skeletons
  A minotaur zombie (Gauntlet)
  4 rime drakes
  3 emperor scorpion zombies
  51 tormentors
  A green draconian skeleton (Coc:6)
  A yaktaur (shapeshifter) (Vaults:5)
  3 catoblepas skeletons
  3 kobold demonologists
  18 efreet
  50 ice devils
  A purple draconian skeleton (Crypt:2)
  37 yaktaurs
  4 anaconda simulacra
  9 demonic crawlers
  A yaktaur zombie (Vaults:5)
  11 trolls
  40 freezing wraiths
  11 hellwings
  34 red devils
  A minotaur skeleton (Crypt:2)
  A white draconian skeleton (Tomb:1)
  42 guardian mummies
  3 komodo dragons
  2 tengu conjurers
  49 ancient zymes
  7 tyrant leeches
  A jumping spider (shapeshifter) (Vaults:4)
  8 silent spectres
  33 merfolk
  2 trolls (shapeshifter)
  A wolf spider simulacrum (Coc:7)
  19 hydra zombies
  An iron troll skeleton (Crypt:2)
  A polar bear (shapeshifter) (D:13)
  5 harpy zombies
  10 polar bears
  2 shadow dragon simulacra
  7 fire dragon zombies
  2 hornets (shapeshifter)
  A merfolk (shapeshifter) (Zig:17)
  A blink frog (shapeshifter) (Abyss:5)
  A tengu simulacrum (Vaults:3)
  12 hydra skeletons
  An iron dragon simulacrum (Coc:1)
  11 wind drakes
  12 alligator zombies
  19 snapping turtles
  5 bog bodies
  13 hornets
  7 hippogriffs
  160 large abominations
  17 blink frogs
  9 ettin zombies
  129 raiju
  4 stone giant simulacra
  A hippogriff (shapeshifter) (Abyss:3)
  10 dream sheep
  2 meliai zombies
  A snapping turtle (shapeshifter) (Depths:2)
  10 ice dragon zombies
  3 fire dragon skeletons
  119 flying skulls
  9 air elementals
  41 water elementals
  4 alligator skeletons
  42 shadows
  A redback (Zig:15)
  A tarantella (shapeshifter) (Vaults:2)
  10 ushabtiu
  6 ice dragon skeletons
  42 ynoxinuls
  6 ettin skeletons
  7 vampires
  5 spriggans
  2 tarantellas
  A wyvern (D:12)
  54 yaks
  7 fire bats (Geh:3)
  33 wraiths
  2 black mamba skeletons
  3 basilisks
  2 yaks (shapeshifter)
  29 golden eyes
  7 hungry ghosts
  29 neqoxecs
  29 fire elementals
  29 chaos spawn
  A wind drake skeleton (Crypt:1)
  13 vampire mosquitoes
  2 steam dragons
  59 nagas
  16 spatial vortices
  11 wargs
  6 insubstantial wisps
  A gelid demonspawn zombie (Crypt:1)
  6 swamp worms (Lair:4)
  7 water moccasins
  5 hydra simulacra
  5 acid dragons
  11 spiny frog zombies
  A floating eye (shapeshifter) (Zig:17)
  3 floating eyes
  73 hell hounds
  6 porcupines
  4 swamp drakes
  12 snapping turtle zombies
  13 black bears
  51 orc warriors
  8 ice beasts
  2 alligator simulacra
  A sky beast (D:11)
  6 spiny frog skeletons
  10 boggarts
  24 necrophages
  2 ice dragon simulacra
  45 ogres
  13 phantoms
  23 wolves
  4 swamp dragon zombies
  26 centaurs
  10 eyes of draining
  A lindwurm skeleton (Crypt:1)
  3 manticore zombies
  4 snapping turtle skeletons
  3 manticore skeletons
  A crocodile (shapeshifter) (Depths:3)
  4 swamp dragon skeletons
  6 crocodiles
  An elf zombie (Tomb:3)
  A big kobold (D:10)
  24 bullfrogs
  12 earth elementals
  3 spiny frog simulacra
  4 scorpions
  3 spriggan zombies
  A wyvern skeleton (D:13)
  A water moccasin skeleton (D:11)
  10 killer bees
  A troll skeleton (Geh:3)
  14 electric eels
  11 howler monkeys
  A polar bear skeleton (Crypt:2)
  3 vampire bats (Orc:2)
  102 wights
  A spriggan skeleton (Crypt:3)
  19 crimson imps
  2 human simulacra
  3 bullfrog zombies
  82 small abominations
  235 starcursed masses
  A wolf skeleton (Crypt:1)
  4 quasits
  27 orc priests
  2 human zombies
  4 bullfrog skeletons
  11 hounds
  21 iron imps
  11 jellies
  39 orc wizards
  7 iguanas
  11 worker ants
  2 hell rats (Lair:2)
  A sky beast zombie (Crypt:2)
  A naga zombie (Geh:7)
  An acid dragon zombie (Crypt:1)
  A crocodile skeleton (Crypt:1)
  An ogre skeleton (Geh:2)
  A demigod skeleton (Crypt:3)
  59 mummies
  A naga skeleton (Tar:7)
  A hound zombie (D:10)
  6 gnolls
  A howler monkey skeleton (Crypt:1)
  12 adders
  8 river rats (Lair:2)
  A river rat (shapeshifter) (Zig:17)
  14 shadow imps
  24 white imps
  5 ufetubi
  An ooze (Lair:6)
  2 adder zombies
  A halfling zombie (Crypt:3)
  An iguana zombie (Crypt:2)
  4 adder skeletons
  A worm (D:2)
  A dart slug (D:2)
  7 leopard geckos
  113 orcs
  15 bats
  7 giant cockroaches
  7 goblins
  7 hobgoblins
  7 jackals
  18 kobolds
  3 quokkas
  2 ball pythons
  8 frilled lizards
  A giant cockroach zombie (D:5)
  A hobgoblin skeleton (Crypt:3)
  2 kobold zombies (Geh:1)
  2 leopard gecko zombies
  8 rats
  A butterfly (Lair:4)
  6 crawling corpses
  2 fire vortices (Pan)
  5 lurking horrors (Abyss:5)
  13 plants
  40 starspawn tentacles
  5 tentacles
6696 creatures vanquished.

Vanquished Creatures (collateral kills)
  Antaeus (Coc:7)
  Asmodeus (Geh:7)
  7 greater mummies
  A pandemonium lord (Zig:13)
  A Tzitzimitl (Tar:7)
  A lich (Abyss:1)
  An Ice Fiend (Pan)
  A quicksilver dragon (Zot:3)
  Donald (Snake:4)
  3 nagarajas (Snake:4)
  A reaper (Tar:7)
  A draconian annihilator (Abyss:1)
  2 bennus (Tomb:3)
  A lorocyproca (Tomb:3)
  A purple draconian (Zot:1)
  3 merfolk javelineers (Shoals:4)
  A merfolk impaler (Shoals:4)
  A mummy priest (Tomb:3)
  6 naga warriors (Snake:4)
  A deep troll shaman (Depths:4)
  2 death scarabs (Tomb:3)
  4 naga sharpshooters (Snake:4)
  2 skeletal warriors
  A deep troll (Depths:4)
  2 naga ritualists (Snake:4)
  An anaconda skeleton (Geh:7)
  An iron dragon skeleton (Coc:7)
  4 guardian serpents (Snake:4)
  3 naga magi (Snake:4)
  A black mamba (Snake:4)
  A guardian mummy (Tomb:3)
  A flying skull (Coc:7)
  A wraith (Tar:7)
  18 nagas (Snake:4)
  A hell hound (Geh:7)
  5 mummies
  A shadow imp (Tar:7)
85 creatures vanquished.

Vanquished Creatures (others)
  A lich (Abyss:5)
  An Executioner (Abyss:5)
  A draconian monk (Zot:1)
  2 elemental wellsprings
  A starcursed mass (Abyss:5)
  A green death (Zig:22)
  A centaur warrior (Vaults:2)
  A merfolk aquamancer (Shoals:3)
  A thrashing horror (Abyss:5)
  A hell hog (Geh:7)
  A deep elf knight (Elf:2)
  3 large abominations (Abyss:5)
  A wretched star (Abyss:5)
  A deep troll (Depths:4)
  A deep elf archer (Vaults:5)
  A deep elf mage (Elf:2)
  A vault sentinel (Vaults:4)
  An orange demon (Abyss:5)
  A spiny frog (Zig:22)
  2 raiju (Abyss:5)
  2 flying skulls
  4 golden eyes
  2 water elementals
  4 small abominations
  A swamp drake (Zig:22)
  A necrophage (Coc:1)
  An eye of draining (Abyss:5)
  3 wights
  3 orcs
  8 bushes (Abyss:5)
  6 demonic plants (Abyss:5)
  6 fungi
  5 lurking horrors
  70 plants
  102 starspawn tentacles
  9 tentacles
251 creatures vanquished.

Grand Total: 7032 creatures vanquished

Notes
Turn   | Place    | Note
-------+----------+-------------------------------------------
     0 | D:1      | cica the Gargoyle Fighter began the quest for the Orb.
     0 | D:1      | Reached XP level 1. HP: 14/14 MP: 1/1
   140 | D:1      | Reached XP level 2. HP: 19/19 MP: 2/2
   928 | D:2      | Reached XP level 3. HP: 22/23 MP: 3/3
  1175 | D:2      | Found a shimmering altar of Xom.
  1370 | D:2      | Found a runed translucent door.
  1371 | D:2      | Noticed Crazy Yiuf
  1437 | D:2      | Found a white marble altar of Elyvilon.
  1544 | D:2      | Reached XP level 4. HP: 28/29 MP: 4/4
  2322 | D:3      | Reached XP level 5. HP: 32/33 MP: 5/5
  2882 | D:4      | Reached XP level 6. HP: 33/39 MP: 6/6
  3233 | D:5      | Entered Level 5 of the Dungeon
  3598 | D:5      | Reached skill level 5 in Shields
  3653 | D:5      | Reached skill level 5 in Armour
  3723 | D:5      | Reached skill level 5 in Fighting
  3723 | D:5      | Reached XP level 7. HP: 41/44 MP: 7/7
  5662 | D:6      | Found a staircase to the Ecumenical Temple.
  5671 | Temple   | Entered the Ecumenical Temple
  5889 | Temple   | Became a worshipper of the Shining One
  5948 | D:6      | Reached skill level 5 in Maces & Flails
  5948 | D:6      | Reached XP level 8. HP: 47/49 MP: 8/8
  6638 | D:6      | Reached * piety under the Shining One
  6945 | D:7      | Found a sacrificial altar of Ru.
  6964 | D:7      | Reached XP level 9. HP: 31/54 MP: 9/9
  7167 | D:7      | Learned a level 4 spell: Petrify
  7352 | D:7      | Found Upefinima's Assorted Antiques.
  7367 | D:7      | Bought a scroll labeled VABRUM DULIPLU for 28 gold pieces
  7367 | D:7      | Bought a runed copper wand for 112 gold pieces
  7367 | D:7      | Bought a bubbling blue potion for 25 gold pieces
  7367 | D:7      | Bought a knobbly wooden ring for 140 gold pieces
  7736 | D:7      | Found a snail-covered altar of Cheibriados.
  7736 | D:7      | Found an iron altar of Okawaru.
  7945 | D:8      | Found a hide-covered altar of Uskayaw.
  8035 | D:8      | Noticed a troll
  8056 | D:8      | Killed a troll
  8249 | D:8      | Found a staircase to the Lair.
  8347 | D:8      | Found a shimmering blue altar of Sif Muna.
  8363 | D:8      | Found a glowing silver altar of Zin.
  8667 | D:8      | Reached XP level 10. HP: 32/59 MP: 10/10
  8835 | D:8      | Noticed a two-headed ogre
  8841 | D:8      | Killed a two-headed ogre
  8852 | D:8      | Got a crude robe
  8853 | D:8      | Identified the +1 robe of Insurance {rC+ rN+ Stlth+} (You
                  | found it on level 8 of the Dungeon)
  9221 | D:9      | Reached ** piety under the Shining One
  9242 | D:9      | Reached skill level 1 in Invocations
  9505 | D:9      | Found a stormy altar of Qazlal.
  9541 | D:9      | Got a jewelled flail
  9542 | D:9      | Identified the cursed +2 flail "Paics" {drain, rF+ rN+ MR+
                  | Stlth+} (You found it on level 9 of the Dungeon)
  9771 | D:9      | Reached skill level 10 in Armour
  9771 | D:9      | Reached skill level 10 in Shields
 10244 | D:9      | Noticed ra1n577's ghost (journeyman MfBe)
 10244 | D:9      | Identified the cursed +1 spear of Inyrur {venom, rPois rF+}
 10245 | D:9      | Found a runed translucent door.
 10381 | D:10     | Entered Level 10 of the Dungeon
 10457 | D:10     | Noticed a two-headed ogre
 10474 | D:10     | Killed a two-headed ogre
 10474 | D:10     | Reached XP level 11. HP: 63/63 MP: 13/13
 10559 | D:10     | Noticed a deep elf mage
 10572 | D:10     | Killed a deep elf mage
 10572 | D:10     | Reached skill level 10 in Maces & Flails
 11038 | D:10     | Reached *** piety under the Shining One
 11110 | D:10     | Found Gimepas's Magic Scroll Shoppe.
 11114 | D:10     | Bought a scroll of fear for 35 gold pieces
 11114 | D:10     | Bought a scroll of identify for 20 gold pieces
 11114 | D:10     | Bought a scroll of identify for 20 gold pieces
 11114 | D:10     | Bought a scroll of identify for 20 gold pieces
 11114 | D:10     | Bought a scroll of immolation for 35 gold pieces
 11114 | D:10     | Bought a scroll of identify for 20 gold pieces
 11114 | D:10     | Bought a scroll of fear for 35 gold pieces
 11115 | D:10     | Identified 2 scrolls of acquirement
 11116 | D:10     | Identified the +2 hat of Xaus {Str+2 Int+4} (You acquired
                  | it on level 10 of the Dungeon)
 11116 | D:10     | Identified the amulet "Doakad" {Reflect rPois Dex+3 SH+5}
                  | (You acquired it on level 10 of the Dungeon)
 11123 | D:10     | Identified the ring of Visiegah {rCorr Stlth+} (You
                  | acquired it on level 10 of the Dungeon)
 11123 | D:10     | Identified the +11 eveningstar of Soneiton {speed, Fragile
                  | Str+3} (You acquired it on level 10 of the Dungeon)
 11499 | D:11     | Noticed a green ugly thing
 11505 | D:11     | Killed a green ugly thing
 11553 | D:11     | Found a shadowy altar of Dithmenos.
 11573 | D:11     | Reached skill level 5 in Invocations
 11577 | D:11     | Noticed a two-headed ogre
 11586 | D:11     | Killed a two-headed ogre
 11887 | D:11     | Found Qoimud's Gadget Shop.
 11891 | D:11     | Found a staircase to the Orcish Mines.
 11891 | D:11     | Noticed a purple ugly thing
 11896 | D:11     | Identified the cursed +1 leather armour "Emuavelu" {Int+2}
 11926 | D:11     | Killed a purple ugly thing
 12131 | D:11     | Bought a wand of iceblast (6) for 140 gold pieces
 12182 | D:11     | Noticed a brown ugly thing
 12190 | D:11     | Killed a brown ugly thing
 12375 | D:11     | Reached **** piety under the Shining One
 12611 | Lair:1   | Entered Level 1 of the Lair of Beasts
 12688 | Lair:1   | Reached XP level 12. HP: 66/68 MP: 16/16
 12835 | Lair:1   | Found a shimmering altar of Xom.
 14027 | Lair:2   | Noticed a seven-headed hydra
 14033 | Lair:2   | Killed a seven-headed hydra
 14844 | Lair:3   | Found a staircase to the Shoals.
 15498 | Lair:4   | Reached XP level 13. HP: 71/72 MP: 19/19
 15771 | Lair:4   | Found a staircase to the Snake Pit.
 17178 | Lair:5   | Learned a level 5 spell: Lee's Rapid Deconstruction
 17701 | Lair:6   | Entered Level 6 of the Lair of Beasts
 17801 | Lair:6   | Reached ***** piety under the Shining One
 17806 | Lair:6   | Reached skill level 10 in Invocations
 18205 | Lair:6   | Reached skill level 15 in Maces & Flails
 18477 | Lair:6   | Found a runed translucent door.
 18477 | Lair:6   | Found a viscous altar of Jiyva.
 18477 | Lair:6   | Found a staircase to the Slime Pits.
 18736 | Lair:6   | Gained mutation: Your large and strong wings let you fly
                  | indefinitely. [Gargoyle growth]
 18736 | Lair:6   | Reached XP level 14. HP: 78/78 MP: 21/21
 19036 | Lair:6   | Identified Akuaw's Volume of Boosting Lightness
 20222 | D:12     | Reached skill level 15 in Shields
 20224 | D:12     | Reached skill level 1 in Earth Magic
 20267 | D:12     | Found a gate leading to a gauntlet.
 20276 | Gauntlet | Entered a Gauntlet
 20276 | Gauntlet | Found a transporter.
 20276 | Gauntlet | Found a transporter.
 20276 | Gauntlet | Found a transporter.
 20293 | Gauntlet | Found a transporter.
 20297 | Gauntlet | Found a transporter.
 20315 | Gauntlet | Found a transporter.
 20327 | Gauntlet | Found a transporter.
 20346 | Gauntlet | Found a transporter.
 20351 | Gauntlet | Found a transporter.
 20355 | Gauntlet | Found a transporter.
 20370 | Gauntlet | Found a transporter.
 20413 | Gauntlet | Found a transporter.
 20658 | Gauntlet | Got a faintly glowing cloak
 20669 | Gauntlet | Identified the +2 cloak of Duck's Teeth {rElec rCorr Dex+8}
                  | (You found it in a Gauntlet)
 21544 | D:12     | Noticed Erolcha
 21551 | D:12     | Killed Erolcha
 21779 | D:13     | Reached ****** piety under the Shining One
 21810 | D:13     | Reached XP level 15. HP: 85/85 MP: 22/22
 21838 | D:13     | Reached skill level 5 in Earth Magic
 22115 | D:13     | Noticed Frances
 22125 | D:13     | Killed Frances
 23343 | D:14     | Found a gate to the Vaults.
 23825 | D:15     | Entered Level 15 of the Dungeon
 23830 | D:15     | Noticed a ghoul
 23841 | D:15     | Killed a ghoul
 24492 | D:15     | Paralysed by an ogre mage for 2 turns
 24662 | D:15     | Learned a level 3 spell: Stone Arrow
 24971 | D:15     | Noticed Agnes
 24976 | D:15     | Killed Agnes
 24976 | D:15     | Reached skill level 1 in Conjurations
 24980 | D:15     | Noticed a ghoul
 24987 | D:15     | Reached XP level 16. HP: 96/96 MP: 21/23
 24994 | D:15     | Reached skill level 10 in Fighting
 25396 | D:15     | Found a staircase to the Depths.
 25707 | Snake:1  | Entered Level 1 of the Snake Pit
 25936 | Snake:1  | Reached skill level 1 in Throwing
 25946 | Snake:1  | Reached skill level 10 in Earth Magic
 25964 | Snake:1  | Found Qinuphod's Assorted Antiques.
 25972 | Snake:1  | Bought a scroll of identify for 48 gold pieces
 25972 | Snake:1  | Bought a scroll of enchant armour for 180 gold pieces
 25972 | Snake:1  | Bought a scroll of identify for 48 gold pieces
 25972 | Snake:1  | Bought a potion of cancellation for 192 gold pieces
 25978 | Snake:1  | Reached XP level 17. HP: 104/104 MP: 24/24
 26264 | Snake:1  | Found an ancient bone altar of Kikubaaqudgha.
 26688 | Snake:2  | Found Meig's Weapon Boutique.
 26690 | Snake:2  | Found Norgh's Assorted Antiques.
 26696 | Snake:2  | Found Ecuehurph's Jewellery Boutique.
 26706 | Snake:2  | Bought a scroll of immolation for 122 gold pieces
 26723 | Snake:2  | Reached skill level 5 in Conjurations
 26899 | Snake:2  | Found a glowing silver altar of Zin.
 27203 | Snake:2  | Found a runed translucent gate.
 27203 | Snake:2  | Found a runed translucent gate.
 27203 | Snake:2  | Found a runed translucent gate.
 27203 | Snake:2  | Found an opulent altar of Gozag.
 27220 | Snake:2  | Noticed Lewno's ghost (journeyman DsBe)
 27311 | Snake:2  | Killed Lewno's ghost
 27840 | Snake:3  | Found a flickering gateway to a bazaar.
 27845 | Bazaar   | Entered a bazaar
 27846 | Bazaar   | Found Doaz's Weapon Boutique.
 27964 | Bazaar   | Found Dirghofuo's Book Boutique.
 27964 | Bazaar   | Found Ycyulil's Distillery.
 27980 | Bazaar   | Bought a potion of curing for 33 gold pieces
 27980 | Bazaar   | Bought a potion of curing for 33 gold pieces
 27980 | Bazaar   | Bought 2 potions of heal wounds for 110 gold pieces
 27980 | Bazaar   | Bought a potion of ambrosia for 88 gold pieces
 27980 | Bazaar   | Bought a potion of haste for 110 gold pieces
 27989 | Bazaar   | Found Ligied's Book Shop.
 28029 | Bazaar   | Bought a potion of lignification for 33 gold pieces
 28046 | Bazaar   | Bought 6 boomerangs of dispersal for 108 gold pieces
 28386 | Snake:3  | Reached skill level 5 in Throwing
 28780 | Snake:4  | Entered Level 4 of the Snake Pit
 28793 | Snake:4  | Reached XP level 18. HP: 98/112 MP: 25/25
 28806 | Snake:4  | Noticed Roxanne
 29209 | Snake:4  | Killed Roxanne
 29488 | Snake:4  | Noticed Donald
 29500 | Snake:4  | Killed Donald
 29500 | Snake:4  | Reached skill level 15 in Armour
 30286 | Snake:4  | Got a serpentine rune of Zot
 30516 | Snake:4  | Found Beleanwo's Gadget Shop.
 30553 | Snake:4  | Identified the +0 kite shield of Yroy {+Inv rElec Regen+
                  | Dex-2}
 30553 | Snake:4  | Noticed Asterion
 30564 | Snake:4  | Killed Asterion
 30721 | Snake:4  | Learned a level 4 spell: Leda's Liquefaction
 31352 | Shoals:1 | Entered Level 1 of the Shoals
 31572 | Shoals:1 | Reached skill level 1 in Spellcasting
 31731 | Shoals:1 | Reached XP level 19. HP: 120/120 MP: 26/26
 32249 | Shoals:1 | Identified the +0 pair of boots "Zaruxzas" {-Cast rPois rC-
                  | rCorr Dex+4} (You acquired it on level 1 of the Shoals)
 35225 | Shoals:4 | Entered Level 4 of the Shoals
 35278 | Shoals:4 | Noticed Polyphemus
 35290 | Shoals:4 | Reached skill level 1 in Hexes
 35305 | Shoals:4 | Killed Polyphemus
 35337 | Shoals:4 | Found Odicwourei's Distillery.
 35363 | Shoals:4 | Noticed Aizul
 35374 | Shoals:4 | Killed Aizul
 35378 | Shoals:4 | Bought a potion of heal wounds for 85 gold pieces
 35378 | Shoals:4 | Bought a potion of heal wounds for 85 gold pieces
 35378 | Shoals:4 | Bought 2 potions of mutation for 272 gold pieces
 35378 | Shoals:4 | Bought a potion of curing for 51 gold pieces
 35378 | Shoals:4 | Bought a potion of haste for 170 gold pieces
 35378 | Shoals:4 | Bought a potion of might for 68 gold pieces
 35519 | Shoals:4 | Noticed Louise
 35532 | Shoals:4 | Killed Louise
 36598 | Shoals:4 | Got a barnacled rune of Zot
 36913 | Shoals:4 | Reached XP level 20. HP: 128/128 MP: 24/27
 37163 | Shoals:4 | Reached skill level 5 in Spellcasting
 37595 | Vaults:1 | Entered Level 1 of the Vaults
 38424 | Vaults:1 | Identified a +4 eveningstar of holy wrath (a +2 eveningstar
                  | of flaming blessed by the Shining One)
 38424 | Vaults:1 | Received a gift from the Shining One
 38796 | Vaults:1 | Reached skill level 15 in Fighting
 39306 | Vaults:2 | Reached skill level 10 in Throwing
 39382 | Vaults:2 | Found a staircase to the Crypt.
 39834 | Vaults:2 | Found Hoxkycun's General Store.
 39846 | Vaults:2 | Bought a potion of heal wounds for 70 gold pieces
 39846 | Vaults:2 | Bought a ration for 70 gold pieces
 39846 | Vaults:2 | Bought a ration for 70 gold pieces
 39979 | Vaults:2 | Reached skill level 10 in Conjurations
 40014 | Vaults:2 | Learned a level 6 spell: Iron Shot
 40105 | Vaults:2 | Reached XP level 21. HP: 122/134 MP: 28/28
 43103 | Vaults:4 | Reached XP level 22. HP: 136/140 MP: 29/29
 43134 | Vaults:4 | Reached skill level 15 in Earth Magic
 43285 | Vaults:4 | Noticed Saint Roka
 43296 | Vaults:4 | Killed Saint Roka
 44310 | Crypt:1  | Entered Level 1 of the Crypt
 44469 | Crypt:1  | Learned a level 9 spell: Shatter
 44929 | Crypt:1  | Found a runed translucent gate.
 44929 | Crypt:1  | Found a runed translucent gate.
 44929 | Crypt:1  | Found an ancient bone altar of Kikubaaqudgha.
 44929 | Crypt:1  | Found a runed translucent gate.
 44929 | Crypt:1  | Noticed an ancient lich
 44929 | Crypt:1  | Noticed Utoppaes's ghost (veteran GrFi)
 44929 | Crypt:1  | Noticed Ygymor's ghost (veteran GrFi)
 45149 | Crypt:1  | Killed an ancient lich
 45149 | Crypt:1  | Reached XP level 23. HP: 144/144 MP: 31/31
 45158 | Crypt:1  | Killed Utoppaes's ghost
 45172 | Crypt:1  | Killed Ygymor's ghost
 45197 | Crypt:1  | Got a pair of dazzling boots
 45203 | Crypt:1  | Identified the cursed +0 pair of boots of the Heavens {rN+
                  | Slay+3} (You found it on level 1 of the Crypt)
 45208 | Crypt:1  | Identified the ring of Spring {rF+ rN+++} (You found it on
                  | level 1 of the Crypt)
 46560 | Crypt:3  | Entered Level 3 of the Crypt
 47169 | Crypt:3  | Noticed Margery
 47184 | Crypt:3  | Killed Margery
 47325 | Crypt:3  | Noticed a curse toe
 47332 | Crypt:3  | Killed a curse toe
 47332 | Crypt:3  | Reached XP level 24. HP: 141/150 MP: 34/34
 47434 | Crypt:3  | Identified the ring "Abyas" {+Blink rF+ rN+ Dex+2}
 47434 | Crypt:3  | Noticed Sojobo
 47436 | Crypt:3  | Found an ancient bone altar of Kikubaaqudgha.
 47436 | Crypt:3  | Identified the ring "Jemat" {rF+ rN+ Str+5 Dex-2}
 47470 | Crypt:3  | Killed Sojobo
 47593 | Crypt:3  | Found a basalt altar of Yredelemnul.
 47865 | Crypt:3  | Found a staircase to the Tomb.
 48091 | Depths:1 | Entered Level 1 of the Depths
 48195 | Depths:1 | Identified the +6 spear "Wuinumet" {drain, rC+ MR+ Dex+2}
 48257 | Depths:1 | Found a gateway to Hell.
 48358 | Hell     | Entered the Vestibule of Hell
 48362 | Hell     | Noticed Geryon
 48585 | Depths:1 | Found a one-way gate to the infinite horrors of the Abyss.
 48902 | Hell     | Reached skill level 15 in Conjurations
 49024 | Hell     | Killed Geryon
 49244 | Hell     | Found a gateway to the Iron City of Dis.
 49315 | Hell     | Found a gateway to the ashen valley of Gehenna.
 49408 | Hell     | Found a gateway to the decaying netherworld of Tartarus.
 49534 | Hell     | Found a gateway to the freezing wastes of Cocytus.
 49669 | Geh:1    | Entered Level 1 of Gehenna
 49669 | Geh:1    | Found a gateway to Hell.
 49929 | Geh:1    | Reached XP level 25. HP: 151/155 MP: 32/36
 50347 | Geh:1    | Found a huge runed gate.
 50353 | Geh:1    | Found a huge runed gate.
 50353 | Geh:1    | Found a huge runed gate.
 50368 | Geh:1    | Found a huge runed gate.
 50369 | Geh:1    | Found a huge runed gate.
 50370 | Geh:1    | Found a huge runed gate.
 50383 | Geh:1    | Found a huge runed gate.
 50384 | Geh:1    | Found a huge runed gate.
 50385 | Geh:1    | Found a huge runed gate.
 50388 | Geh:1    | Found a huge runed gate.
 50388 | Geh:1    | Found a huge runed gate.
 50388 | Geh:1    | Found a huge runed gate.
 50392 | Geh:1    | Found a huge runed gate.
 50392 | Geh:1    | Found a huge runed gate.
 50392 | Geh:1    | Found a huge runed gate.
 50392 | Geh:1    | Found a huge runed gate.
 50392 | Geh:1    | Found a huge runed gate.
 50395 | Geh:1    | Found a huge runed gate.
 50395 | Geh:1    | Found a huge runed gate.
 50400 | Geh:1    | Found a huge runed gate.
 50401 | Geh:1    | Found a huge runed gate.
 50406 | Geh:1    | Noticed an ancient lich
 50542 | Geh:1    | Killed an ancient lich
 50588 | Geh:1    | Reached skill level 10 in Spellcasting
 50772 | Tar:1    | Entered Level 1 of Tartarus
 50772 | Tar:1    | Found a gateway to Hell.
 50932 | Tar:1    | Reached skill level 15 in Throwing
 51353 | Tar:2    | Found a gateway to Hell.
 51700 | Tar:3    | Found a gateway to Hell.
 51700 | Tar:3    | Found a gateway to Hell.
 51788 | Tar:3    | Reached skill level 15 in Invocations
 51798 | Tar:3    | You are sucked into a shaft and drop 2 floors!
 51846 | Tar:5    | Found a gateway to Hell.
 51924 | Tar:5    | Reached XP level 26. HP: 160/160 MP: 37/37
 52051 | Tar:5    | Found a gateway to Hell.
 52230 | Tar:5    | Found a gateway to Hell.
 52881 | Tar:6    | Found a gateway to Hell.
 52994 | Tar:7    | Entered Level 7 of Tartarus
 52994 | Tar:7    | Found a gateway to Hell.
 53070 | Tar:7    | Found a gateway to Hell.
 53230 | Tar:7    | Found a gateway to Hell.
 53275 | Tar:7    | Found a gateway to Hell.
 53579 | Tar:7    | Identified the Handbook of Igneous Curses
 53618 | Tar:7    | Noticed an ancient lich
 53645 | Tar:7    | Killed an ancient lich
 53683 | Tar:7    | Noticed the Serpent of Hell
 53710 | Tar:7    | Killed the Serpent of Hell
 53747 | Tar:7    | Reached XP level 27. HP: 129/168 MP: 37/37
 53794 | Tar:7    | Noticed Ereshkigal
 53866 | Tar:7    | Noticed an ancient lich
 53873 | Tar:7    | Killed an ancient lich
 54281 | Tar:7    | Killed Ereshkigal
 54429 | Tar:7    | Found the ring of Robustness {AC+8}
 54440 | Tar:7    | Identified the Handbook of Bewitchment and Feathers
 54590 | Tar:7    | Got a bone rune of Zot
 54743 | Geh:2    | Found a gateway to Hell.
 54754 | Geh:2    | Found a gateway to Hell.
 55011 | Geh:2    | Found a gateway to Hell.
 55241 | Geh:3    | Found a gateway to Hell.
 55439 | Geh:3    | Found a gateway to Hell.
 55444 | Geh:3    | Found a gateway to Hell.
 55507 | Geh:3    | Found the +7 great mace "Firestarter" {inner flame, rF++}
 55631 | Geh:3    | Learned a level 5 spell: Bolt of Magma
 55774 | Geh:4    | Found a gateway to Hell.
 55775 | Geh:4    | Found a gateway to Hell.
 55799 | Geh:4    | You are sucked into a shaft and drop 2 floors!
 55856 | Geh:6    | Reached skill level 1 in Fire Magic
 55967 | Geh:6    | Found a gateway to Hell.
 56144 | Geh:7    | Entered Level 7 of Gehenna
 56144 | Geh:7    | Found a gateway to Hell.
 56152 | Geh:7    | Found a gateway to Hell.
 56508 | Geh:7    | Found a gateway to Hell.
 57180 | Geh:7    | Reached skill level 5 in Fire Magic
 57419 | Geh:7    | Identified the +7 sceptre of Asmodeus
 57419 | Geh:7    | Noticed Asmodeus
 57425 | Geh:7    | Identified the +4 tower shield of Moral Flaws {rN+ Stlth+}
 57442 | Geh:7    | Killed Asmodeus
 57553 | Geh:7    | Identified the +7 battleaxe "Lyet" {flame, *Corrode rF+
                  | rN++ SInv}
 57608 | Geh:7    | Identified Vobuwn's Papyrus of the Supportive Oath
 57687 | Geh:7    | Got an obsidian rune of Zot
 57919 | Coc:1    | Entered Level 1 of Cocytus
 57919 | Coc:1    | Found a gateway to Hell.
 58443 | Coc:2    | Found a gateway to Hell.
 58527 | Coc:2    | Found a gateway to Hell.
 58645 | Coc:2    | Found a gateway to Hell.
 59203 | Coc:3    | Found a gateway to Hell.
 59286 | Coc:4    | Found a gateway to Hell.
 59654 | Coc:4    | You are sucked into a shaft and drop 1 floor!
 60475 | Coc:6    | Found a gateway to Hell.
 60620 | Coc:6    | Found a gateway to Hell.
 60638 | Coc:6    | Found a gateway to Hell.
 60752 | Coc:7    | Entered Level 7 of Cocytus
 60752 | Coc:7    | Found a gateway to Hell.
 60752 | Coc:7    | Found a gateway to Hell.
 60752 | Coc:7    | Found a gateway to Hell.
 61094 | Coc:7    | Reached skill level 10 in Fire Magic
 61829 | Coc:7    | Identified the +6 hand axe "Ozaluy" {drain, Int+3 Dex+2}
 61836 | Coc:7    | Identified the ring "Ymiwnekh" {rC+ MP+9}
 61892 | Coc:7    | Noticed Antaeus
 62382 | Coc:7    | Reached skill level 1 in Evocations
 62392 | Coc:7    | Learned a level 8 spell: Ignition
 62399 | Coc:7    | Learned a level 6 spell: Starburst
 62496 | Coc:7    | Identified the +2 pair of boots "Vacesm" {Str+6} (You found
                  | it on level 7 of Cocytus)
 62932 | Coc:7    | Killed Antaeus
 62944 | Coc:7    | Got an icy rune of Zot
 62971 | Coc:7    | Identified the Volume of Nocuous Transmutation
 63371 | Vaults:5 | Entered Level 5 of the Vaults
 63377 | Vaults:5 | Reached skill level 15 in Spellcasting
 63709 | Vaults:5 | Reached skill level 5 in Evocations
 63820 | Vaults:5 | Noticed an ancient lich
 63828 | Vaults:5 | Killed an ancient lich
 64021 | Vaults:5 | Identified the +8 mace "Okhloel" {elec, rElec rF++ Str+2}
 64221 | Vaults:5 | Identified the +2 mace of Orgheo {freeze, MR+ Str-3 Dex+4}
 64298 | Vaults:5 | Identified the +1 flail "Zuguvvoll" {flame, rF+ Int+3
                  | Dex-4}
 64912 | Vaults:5 | Identified Xibec's Papyrus of Enhancements and Moulding
 65276 | Vaults:5 | Found Geudwuff's Jewellery Shoppe.
 65288 | Vaults:5 | Got a silver rune of Zot
 65918 | Depths:1 | Voluntarily entered the Abyss.
 65935 | Abyss:1  | Found a corrupted altar of Lugonu.
 65942 | Abyss:1  | Found a corrupted altar of Lugonu.
 66299 | Abyss:1  | Found a corrupted altar of Lugonu.
 66398 | Abyss:1  | Found a corrupted altar of Lugonu.
 66573 | Abyss:1  | Found a burning altar of Makhleb.
 66591 | Abyss:1  | Found a burning altar of Makhleb.
 66673 | Abyss:1  | Found a burning altar of Makhleb.
 67244 | Abyss:1  | Found the +3 Elemental Staff {rElec rF++ rC++ MR++ AC+5}
 67434 | Abyss:1  | Reached skill level 15 in Fire Magic
 67550 | Abyss:2  | Found a roughly hewn altar of Beogh.
 67705 | Abyss:2  | Got a heavily runed brass ring
 67735 | Abyss:2  | Paralysed by accursed screaming for 1 turns
 68327 | Abyss:3  | Noticed an ancient lich
 68345 | Abyss:3  | Killed an ancient lich
 68513 | Abyss:4  | Reached skill level 10 in Evocations
 68523 | Abyss:4  | Paralysed by accursed screaming for 1 turns
 68601 | Abyss:4  | Got an abyssal rune of Zot
 68618 | Abyss:5  | Entered Level 5 of the Abyss
 68650 | Abyss:5  | Gained mutation: Your body sometimes deteriorates upon
                  | taking damage. [a cacodemon]
 68655 | Abyss:5  | Lost mutation: Your body sometimes deteriorates upon taking
                  | damage. [potion of mutation]
 68655 | Abyss:5  | Gained mutation: You evolve. [potion of mutation]
 68655 | Abyss:5  | Gained mutation: Scrolls take you a little longer to read.
                  | [potion of mutation]
 68655 | Abyss:5  | Gained mutation: You have a pair of small horns on your
                  | head. [potion of mutation]
 68655 | Abyss:5  | Gained mutation: Your muscles are strong. (Str +2) [potion
                  | of mutation]
 68656 | Abyss:5  | Lost mutation: You have a pair of small horns on your head.
                  | [potion of mutation]
 68656 | Abyss:5  | Lost mutation: Your muscles are strong. (Str +2) [potion of
                  | mutation]
 68656 | Abyss:5  | Lost mutation: You evolve. [potion of mutation]
 68656 | Abyss:5  | Lost mutation: Scrolls take you a little longer to read.
                  | [potion of mutation]
 68656 | Abyss:5  | Gained mutation: You expend magic power (3 MP) to
                  | strengthen your wands. [potion of mutation]
 68656 | Abyss:5  | Gained mutation: You have an increased reservoir of magic.
                  | (+10% MP) [potion of mutation]
 68716 | Abyss:5  | Paralysed by accursed screaming for 1 turns
 68743 | Abyss:5  | Upgraded the game from 0.25-a0-939-g1e880d33e3 to
                  | 0.25-a0-942-g87a53962fc
 68806 | Depths:1 | Escaped the Abyss
 68814 | Depths:1 | Identified the ring of Temptation {EV+4 Dex+3} (You found
                  | it on level 2 of the Abyss)
 69386 | Depths:1 | Found the +9 staff of Olgreb {rPois∞}
 70280 | Depths:2 | Found a gateway to a ziggurat.
 70407 | Depths:2 | Found Dogg's Gadget Emporium.
 70407 | Depths:2 | Found Ischoc's Jewellery Shop.
 70408 | Depths:2 | Found Siocwin's Gadget Emporium.
 70413 | Depths:2 | Bought a phantom mirror for 420 gold pieces
 70413 | Depths:2 | Bought a box of beasts for 280 gold pieces
 70413 | Depths:2 | Bought a phantom mirror for 420 gold pieces
 70417 | Depths:2 | Bought a phantom mirror for 450 gold pieces
 70417 | Depths:2 | Bought a phantom mirror for 450 gold pieces
 70417 | Depths:2 | Bought a phantom mirror for 450 gold pieces
 70417 | Depths:2 | Bought a box of beasts for 300 gold pieces
 70914 | Depths:3 | Noticed Mennas
 70955 | Depths:3 | Killed Mennas
 71501 | Depths:3 | Paralysed by a sphinx for 2 turns
 71683 | Depths:3 | Found the +0 staff of Battle
 71691 | Depths:3 | Identified the amulet "Kyitiwicw" {Gourm Int+4 Slay+2} (You
                  | found it on level 3 of the Depths)
 71981 | Depths:3 | Found a one-way gate leading to the halls of Pandemonium.
 71999 | Depths:4 | Noticed Frederick
 72018 | Depths:3 | Killed Frederick
 72525 | Depths:4 | You fall into a shaft and drop 1 floor!
 72525 | Depths:5 | Entered Level 5 of the Depths
 72547 | Depths:5 | Paralysed by a great orb of eyes for 6 turns
 72566 | Depths:5 | Noticed the Enchantress
 72576 | Depths:5 | Killed the Enchantress
 72578 | Depths:5 | Reached skill level 27 in Armour
 72841 | Depths:4 | Found a viscous altar of Jiyva.
 72945 | Depths:4 | Noticed a juggernaut
 72954 | Depths:4 | Killed a juggernaut
 72962 | Depths:4 | Noticed a juggernaut
 72982 | Depths:4 | Killed a juggernaut
 73000 | Depths:4 | Paralysed by a floating eye for 3 turns
 73402 | Depths:5 | Paralysed by a vampire knight for 2 turns
 73460 | Depths:5 | Noticed Boris
 73481 | Depths:5 | Killed Boris
 74320 | Depths:5 | Found a gate to the Realm of Zot.
 74946 | Slime:1  | Entered Level 1 of the Pits of Slime
 75234 | Slime:5  | Entered Level 5 of the Pits of Slime
 76044 | Slime:5  | Gained mutation: Your body sometimes deteriorates upon
                  | taking damage. [a shining eye]
 76048 | Slime:5  | Lost mutation: You expend magic power (3 MP) to strengthen
                  | your wands. [potion of mutation]
 76048 | Slime:5  | Lost mutation: Your body sometimes deteriorates upon taking
                  | damage. [potion of mutation]
 76048 | Slime:5  | Gained mutation: You are weak. (Str -2) [potion of
                  | mutation]
 76048 | Slime:5  | Gained mutation: You expend magic power (3 MP) to
                  | strengthen your wands. [potion of mutation]
 76049 | Slime:5  | Lost mutation: You expend magic power (3 MP) to strengthen
                  | your wands. [potion of mutation]
 76049 | Slime:5  | Lost mutation: You have an increased reservoir of magic.
                  | (+10% MP) [potion of mutation]
 76049 | Slime:5  | Lost mutation: You are weak. (Str -2) [potion of mutation]
 76049 | Slime:5  | Gained mutation: Your mind is acute. (Int +2) [potion of
                  | mutation]
 76049 | Slime:5  | Gained mutation: You have a pair of small horns on your
                  | head. [potion of mutation]
 76232 | Slime:5  | Noticed the Royal Jelly
 76239 | Slime:5  | Killed the Royal Jelly
 76276 | Slime:5  | Got a slimy rune of Zot
 76291 | Slime:5  | Identified the ring of Xol Hick {Int+6 Stlth+} (You
                  | acquired it on level 5 of the Pits of Slime)
 76291 | Slime:5  | Identified the +5 morningstar of Eternal Night {vorpal,
                  | *Rage rF+ MP+9 Str+2} (You acquired it on level 5 of the
                  | Pits of Slime)
 76291 | Slime:5  | Identified the Guide on Mutagenic Snow (You acquired it on
                  | level 5 of the Pits of Slime)
 76348 | Slime:5  | Got a fine marble ring
 76349 | Slime:5  | Identified the ring of Nemelex Xobeh's Regard {rN++ Str+8
                  | Int-5 SInv} (You found it on level 5 of the Pits of Slime)
 76724 | Slime:4  | Paralysed by a great orb of eyes for 2 turns
 77070 | Orc:1    | Entered Level 1 of the Orcish Mines
 77117 | Orc:1    | Noticed Erica
 77129 | Orc:1    | Killed Erica
 77242 | Orc:1    | Noticed Sonja
 77246 | Orc:1    | Killed Sonja
 77261 | Orc:1    | Found a roughly hewn altar of Beogh.
 77348 | Orc:1    | Found Vofuwaaph's Assorted Antiques.
 77358 | Orc:1    | Bought a potion of might for 124 gold pieces
 77358 | Orc:1    | Bought a scroll of remove curse for 93 gold pieces
 77358 | Orc:1    | Bought a scroll of fear for 108 gold pieces
 77358 | Orc:1    | Bought a scroll of remove curse for 93 gold pieces
 77358 | Orc:1    | Bought a potion of curing for 93 gold pieces
 77358 | Orc:1    | Bought a scroll of identify for 62 gold pieces
 77673 | Orc:2    | Entered Level 2 of the Orcish Mines
 77781 | Orc:1    | Noticed Snorg
 77788 | Orc:1    | Killed Snorg
 78174 | Orc:2    | Found Noagitux's Distillery.
 78215 | Orc:2    | Bought a potion of curing for 39 gold pieces
 78215 | Orc:2    | Bought a potion of heal wounds for 65 gold pieces
 78215 | Orc:2    | Bought a potion of magic for 104 gold pieces
 78215 | Orc:2    | Bought a potion of cancellation for 104 gold pieces
 78215 | Orc:2    | Bought a potion of curing for 39 gold pieces
 78215 | Orc:2    | Bought a potion of might for 52 gold pieces
 78215 | Orc:2    | Bought a potion of curing for 39 gold pieces
 78228 | Orc:2    | Found an ancient bone altar of Kikubaaqudgha.
 78229 | Orc:2    | Noticed Nergalle
 78243 | Orc:2    | Killed Nergalle
 78251 | Orc:2    | Found Ydyonu Giamp's Antique Weapon Boutique.
 78274 | Orc:2    | Found a radiant altar of Vehumet.
 78301 | Orc:2    | Found a roughly hewn altar of Beogh.
 78315 | Orc:2    | Found Otrufosy's Gadget Boutique.
 78322 | Orc:2    | Paralysed by an orc sorcerer for 5 turns
 78350 | Orc:2    | Bought a box of beasts for 280 gold pieces
 78350 | Orc:2    | Bought a phantom mirror for 420 gold pieces
 78350 | Orc:2    | Bought a box of beasts for 280 gold pieces
 78425 | Orc:2    | Found Guash's Antique Weapon Shop.
 78644 | Orc:2    | Found a staircase to the Elven Halls.
 79004 | Zot:1    | Entered Level 1 of the Realm of Zot
 79225 | Zot:1    | Found a huge runed gate.
 79225 | Zot:1    | Found a huge runed gate.
 79804 | Zot:1    | Found a huge runed gate.
 79804 | Zot:1    | Found a huge runed gate.
 79805 | Zot:1    | Found a huge runed gate.
 79805 | Zot:1    | Found a huge runed gate.
 79805 | Zot:1    | Found a huge runed gate.
 79805 | Zot:1    | Found a huge runed gate.
 79832 | Zot:1    | Noticed an orb of fire
 79832 | Zot:1    | Noticed an ancient lich
 79832 | Zot:1    | Noticed an ancient lich
 79839 | Zot:1    | Gained mutation: Potions are less effective at restoring
                  | your health. [an orb of fire]
 79842 | Zot:1    | Gained mutation: You are partially covered in iridescent
                  | scales. (AC +2) [an orb of fire]
 79849 | Zot:1    | Cast into level 5 of the Abyss (an ancient lich)
 79849 | Abyss:5  | Entered Level 5 of the Abyss
 79939 | Abyss:5  | Lost mutation: You are partially covered in iridescent
                  | scales. (AC +2) [potion of mutation]
 79939 | Abyss:5  | Lost mutation: You have a pair of small horns on your head.
                  | [potion of mutation]
 79939 | Abyss:5  | Lost mutation: Potions are less effective at restoring your
                  | health. [potion of mutation]
 79939 | Abyss:5  | Lost mutation: Your mind is acute. (Int +2) [potion of
                  | mutation]
 79939 | Abyss:5  | Gained mutation: You are agile. (Dex +2) [potion of
                  | mutation]
 80059 | Abyss:5  | Paralysed by accursed screaming for 1 turns
 80155 | Abyss:5  | Found a corrupted altar of Lugonu.
 80211 | Abyss:5  | Found a corrupted altar of Lugonu.
 80237 | Abyss:5  | Found a corrupted altar of Lugonu.
 80238 | Abyss:5  | Noticed an ancient lich
 80320 | Abyss:5  | Found a corrupted altar of Lugonu.
 80457 | Abyss:5  | Learned a level 9 spell: Tornado
 80579 | Abyss:5  | Reached skill level 1 in Transmutations
 80604 | Abyss:5  | Gained mutation: You are occasionally teleported next to
                  | monsters. [a neqoxec]
 80767 | Abyss:5  | Found a huge runed translucent gate.
 80768 | Abyss:5  | Found a huge runed translucent gate.
 80820 | Abyss:5  | Found a huge runed translucent gate.
 80830 | Abyss:5  | Found a huge runed translucent gate.
 80865 | Abyss:5  | Found a huge runed translucent gate.
 80866 | Abyss:5  | Found a huge runed translucent gate.
 80867 | Abyss:5  | Found a huge runed translucent gate.
 80890 | Abyss:5  | Paralysed by accursed screaming for 1 turns
 81174 | Abyss:5  | Paralysed by accursed screaming for 1 turns
 81382 | Abyss:5  | Found a runed translucent door.
 81382 | Abyss:5  | Found a large runed translucent door.
 81382 | Abyss:5  | Found a large runed translucent door.
 81511 | Abyss:5  | Lost mutation: You are agile. (Dex +2) [potion of mutation]
 81511 | Abyss:5  | Lost mutation: You are occasionally teleported next to
                  | monsters. [potion of mutation]
 81511 | Abyss:5  | Gained mutation: You passively map a small area around you.
                  | [potion of mutation]
 81720 | Abyss:5  | Found a roughly hewn altar of Beogh.
 82006 | Abyss:5  | Gained mutation: Potions are less effective at restoring
                  | your health. [a neqoxec]
 82029 | Abyss:5  | Found a snail-covered altar of Cheibriados.
 82062 | Abyss:5  | Paralysed by accursed screaming for 1 turns
 82067 | Abyss:5  | Paralysed by accursed screaming for 1 turns
 82136 | Abyss:5  | Lost mutation: Potions are less effective at restoring your
                  | health. [potion of mutation]
 82136 | Abyss:5  | Lost mutation: You passively map a small area around you.
                  | [potion of mutation]
 82136 | Abyss:5  | Gained mutation: Your body sometimes deteriorates upon
                  | taking damage. [potion of mutation]
 82136 | Abyss:5  | Gained mutation: You are somewhat resistant to further
                  | mutation. [potion of mutation]
 82528 | Abyss:5  | Found a huge runed translucent gate.
 82529 | Abyss:5  | Found a huge runed translucent gate.
 82530 | Abyss:5  | Found a huge runed translucent gate.
 82531 | Abyss:5  | Found a huge runed translucent gate.
 82532 | Abyss:5  | Found a huge runed translucent gate.
 82645 | Abyss:5  | Paralysed by accursed screaming for 1 turns
 83057 | Abyss:5  | Paralysed by a great orb of eyes for 3 turns
 83060 | Abyss:5  | Gained mutation: You are frail. (-10% HP) [a cacodemon]
 83124 | Abyss:5  | Reached skill level 27 in Earth Magic
 83440 | Abyss:5  | Paralysed by accursed screaming for 1 turns
 83766 | Abyss:5  | Found a runed translucent door.
 83937 | Zot:1    | Escaped the Abyss
 83941 | Zot:1    | Killed an ancient lich
 83942 | Zot:1    | Killed an ancient lich
 83948 | Zot:1    | Killed an orb of fire
 84186 | Dis:1    | Entered Level 1 of the Iron City of Dis
 84889 | Dis:4    | You fall into a shaft and drop 2 floors!
 85157 | Dis:7    | Entered Level 7 of the Iron City of Dis
 86155 | Dis:7    | Learned a level 7 spell: Spellforged Servitor
 86169 | Dis:7    | Identified the Tome of Snow and Stones
 86182 | Dis:7    | Identified the Handbook of Supportive Malediction
 86375 | Dis:7    | Reached skill level 1 in Summonings
 86633 | Elf:1    | Entered Level 1 of the Elven Halls
 87311 | Elf:1    | Found a gateway to a bazaar.
 87423 | Elf:1    | Identified the Disquisition on Arcane Weapons
 88417 | Elf:2    | Found a huge runed translucent gate.
 88417 | Elf:2    | Found a huge runed translucent gate.
 88417 | Elf:2    | Found a huge runed translucent gate.
 88418 | Elf:2    | Found a huge runed translucent gate.
 88425 | Elf:2    | Found a huge runed translucent gate.
 89242 | Elf:3    | Entered Level 3 of the Elven Halls
 89548 | Elf:3    | Reached skill level 5 in Summonings
 89549 | Elf:3    | Identified the cursed +1 quarterstaff "Naob" {vorpal, +Fly
                  | Dex+8}
 89862 | Elf:3    | Identified the Tome of the Birds and Enhancements
 89875 | Elf:3    | Identified the Tome of Cloudy Snow
 90321 | Elf:3    | Found Eczoguez's Antique Weapon Emporium.
 90846 | Tomb:1   | Entered Level 1 of the Tomb of the Ancients
 90995 | Tomb:1   | Paralysed by a sphinx for 7 turns
 92362 | Tomb:1   | Noticed Boris
 92364 | Tomb:1   | Noticed a greater mummy
 92367 | Tomb:1   | Noticed a greater mummy
 92367 | Tomb:1   | Noticed a greater mummy
 92367 | Tomb:1   | Noticed a greater mummy
 92368 | Tomb:1   | Noticed a greater mummy
 92369 | Tomb:1   | Killed Boris
 92369 | Tomb:1   | Killed a greater mummy
 92369 | Tomb:1   | Noticed a greater mummy
 92370 | Tomb:1   | Killed a greater mummy
 92371 | Tomb:1   | Noticed a greater mummy
 92373 | Tomb:1   | Noticed a greater mummy
 92374 | Tomb:1   | Killed a greater mummy
 92374 | Tomb:1   | Killed a greater mummy
 92375 | Tomb:1   | Noticed a greater mummy
 92376 | Tomb:1   | Killed a greater mummy
 92377 | Tomb:1   | Killed a greater mummy
 92381 | Tomb:1   | Killed a greater mummy
 92381 | Tomb:1   | Noticed a greater mummy
 92382 | Tomb:1   | Killed a greater mummy
 92383 | Tomb:1   | Killed a greater mummy
 92383 | Tomb:1   | Noticed a greater mummy
 92394 | Tomb:1   | Killed a greater mummy
 92394 | Tomb:1   | Noticed a greater mummy
 92544 | Tomb:1   | Learned a level 7 spell: Orb of Destruction
 92617 | Tomb:1   | Killed a greater mummy
 92721 | Tomb:1   | Killed a greater mummy
 92723 | Tomb:1   | Noticed a greater mummy
 92736 | Tomb:1   | Killed a greater mummy
 92756 | Tomb:1   | Noticed a greater mummy
 92763 | Tomb:1   | Killed a greater mummy
 92763 | Tomb:1   | Noticed a greater mummy
 92782 | Tomb:1   | Killed a greater mummy
 92972 | Tomb:1   | Noticed a greater mummy
 92979 | Tomb:1   | Killed a greater mummy
 93000 | Tomb:1   | Identified the +10 war axe "Xuhoziw" {freeze, Dex+2}
 93363 | Tomb:1   | Noticed a greater mummy
 93369 | Tomb:1   | Killed a greater mummy
 93659 | Tomb:1   | Noticed a greater mummy
 93662 | Tomb:1   | Noticed a greater mummy
 93666 | Tomb:1   | Killed a greater mummy
 93677 | Tomb:1   | Killed a greater mummy
 94349 | Tomb:2   | Noticed a greater mummy
 94377 | Tomb:2   | Noticed a greater mummy
 94382 | Tomb:1   | Killed a greater mummy
 94413 | Tomb:2   | Noticed a greater mummy
 94413 | Tomb:2   | Noticed a greater mummy
 94417 | Tomb:2   | Killed a greater mummy
 94419 | Tomb:2   | Killed a greater mummy
 94419 | Tomb:2   | Killed a greater mummy
 94909 | Tomb:3   | Entered Level 3 of the Tomb of the Ancients
 94943 | Tomb:3   | Noticed an ancient lich
 94953 | Tomb:3   | Noticed a greater mummy
 94954 | Tomb:3   | Killed an ancient lich
 94971 | Tomb:3   | Killed a greater mummy
 94974 | Tomb:3   | Noticed a greater mummy
 94975 | Tomb:3   | Noticed a greater mummy
 94980 | Tomb:3   | Killed a greater mummy
 94981 | Tomb:3   | Killed a greater mummy
 95037 | Tomb:3   | Noticed a greater mummy
 95043 | Tomb:3   | Killed a greater mummy
 95182 | Tomb:3   | Noticed a greater mummy
 95187 | Tomb:3   | Noticed a greater mummy
 95188 | Tomb:3   | Killed a greater mummy
 95193 | Tomb:3   | Killed a greater mummy
 95193 | Tomb:3   | Reached skill level 10 in Summonings
 95198 | Tomb:3   | Noticed a greater mummy
 95443 | Tomb:3   | Got a golden rune of Zot
 95465 | Tomb:3   | Noticed a greater mummy
 95472 | Tomb:3   | Killed a greater mummy
 95491 | Tomb:3   | Killed a greater mummy
 95710 | Tomb:3   | Identified the ring "Vimorag" {+Fly rPois Dex+4} (You found
                  | it on level 3 of the Tomb of the Ancients)
 95725 | Tomb:3   | Identified the cursed -3 kite shield "Mujit" {rElec rPois
                  | Str-3 Int+9} (You found it on level 3 of the Tomb of the
                  | Ancients)
 95815 | Tomb:3   | Identified the Volume of Protection and Beguiling
 95827 | Tomb:3   | Learned a level 5 spell: Aura of Abjuration
 95834 | Tomb:3   | Identified the ring of Untruth {+Inv Str+3 Slay+3} (You
                  | found it on level 3 of the Tomb of the Ancients)
 95898 | Tomb:3   | Identified the ring "Siudik Yhem" {+Fly rF+++} (You found
                  | it on level 3 of the Tomb of the Ancients)
 97363 | Zot:1    | Learned a level 9 spell: Tornado
 97435 | Zot:2    | Reached skill level 1 in Air Magic
 98127 | Zot:2    | You fall into a shaft and drop 1 floor!
 98129 | Zot:3    | Noticed an orb of fire
 98151 | Zot:3    | Killed an orb of fire
 98647 | Zot:3    | Reached skill level 27 in Spellcasting
 98661 | Zot:3    | Reached skill level 5 in Air Magic
 99186 | Zot:3    | Lost mutation: Your body sometimes deteriorates upon taking
                  | damage. [potion of mutation]
 99186 | Zot:3    | Lost mutation: You are frail. (-10% HP) [potion of
                  | mutation]
 99186 | Zot:3    | Gained mutation: Your flesh is cold resistant. (rC+)
                  | [potion of mutation]
 99186 | Zot:3    | Gained mutation: You have large cloven feet. [potion of
                  | mutation]
100902 | Zot:4    | Reached skill level 10 in Air Magic
101356 | Pan      | Entered Pandemonium
101751 | Pan      | Noticed Poug the pandemonium lord
101754 | Pan      | Killed Poug the pandemonium lord
103013 | Pan      | Entered the realm of Cerebov.
103825 | Pan      | Identified the +6 sword of Cerebov {flame}
103825 | Pan      | Noticed Cerebov
104152 | Pan      | Got a fiery rune of Zot
104387 | Pan      | Noticed Ceptiq the pandemonium lord
104387 | Pan      | Paralysed by Ceptiq for 2 turns
104402 | Pan      | Paralysed by Ceptiq for 7 turns
104414 | Pan      | Killed Ceptiq the pandemonium lord
104426 | Pan      | Identified the +9 crystal plate armour of Indemnity {rN+
                  | Int+4} (You acquired it in Pandemonium)
104877 | Pan      | Identified the Incunabulum of the Mutagenic Mountains
105458 | Pan      | Noticed Geegonk the pandemonium lord
105472 | Pan      | Killed Geegonk the pandemonium lord
105709 | Depths:4 | Escaped Pandemonium
105735 | Depths:4 | Voluntarily entered the Abyss.
106040 | Depths:4 | Escaped the Abyss
106088 | Depths:4 | Voluntarily entered the Abyss.
106088 | Abyss:1  | Found a corrupted altar of Lugonu.
106490 | Abyss:1  | Noticed an ancient lich
106543 | Abyss:1  | Found a corrupted altar of Lugonu.
106575 | Abyss:1  | Killed an ancient lich
106604 | Depths:4 | Escaped the Abyss
106949 | D:11     | Bought a box of beasts for 280 gold pieces
106949 | D:11     | Bought a box of beasts for 280 gold pieces
106949 | D:11     | Bought a box of beasts for 280 gold pieces
106949 | D:11     | Bought a phantom mirror for 420 gold pieces
106949 | D:11     | Bought a box of beasts for 280 gold pieces
107226 | Snake:4  | Bought a tin of tremorstones for 300 gold pieces
107226 | Snake:4  | Bought a tin of tremorstones for 300 gold pieces
107226 | Snake:4  | Bought a tin of tremorstones for 300 gold pieces
107226 | Snake:4  | Bought a wand of digging (5) for 360 gold pieces
107634 | Depths:2 | Bought a wand of digging (6) for 280 gold pieces
107634 | Depths:2 | Bought a tin of tremorstones for 210 gold pieces
107634 | Depths:2 | Bought a tin of tremorstones for 210 gold pieces
107650 | Zig:1    | Entered Level 1 of a ziggurat
107663 | Zig:2    | Entered Level 2 of a ziggurat
107738 | Zig:3    | Entered Level 3 of a ziggurat
107763 | Zig:4    | Entered Level 4 of a ziggurat
107839 | Zig:5    | Entered Level 5 of a ziggurat
107892 | Zig:6    | Entered Level 6 of a ziggurat
107896 | Zig:6    | Noticed an ancient lich
107900 | Zig:6    | Killed an ancient lich
107914 | Zig:6    | Identified the +0 tower shield of Melancholy {Str+2} (You
                  | acquired it on level 6 of a ziggurat)
107954 | Zig:6    | Got a pair of scorched boots
107965 | Zig:6    | Identified the cursed +0 pair of boots of the Thirsty Beds
                  | {rF+ Int+2} (You found it on level 6 of a ziggurat)
107985 | Zig:7    | Entered Level 7 of a ziggurat
107989 | Zig:7    | Noticed Teilicekh the pandemonium lord
107991 | Zig:7    | Killed Teilicekh the pandemonium lord
107997 | Zig:7    | Found the +8 autumn katana {vorpal, Clar}
108011 | Zig:7    | Identified the amulet "Syset" {Reflect rPois Str-3 Int+4
                  | Dex+7 SH+4} (You found it on level 7 of a ziggurat)
108017 | Zig:8    | Entered Level 8 of a ziggurat
108100 | Zig:8    | Identified the ring "Nuifur" {+Blink rElec MP+9 Str-4} (You
                  | found it on level 8 of a ziggurat)
108120 | Zig:9    | Entered Level 9 of a ziggurat
108390 | Zig:9    | Identified the Collected Works on Fiery Evil Arts
108399 | Zig:10   | Entered Level 10 of a ziggurat
108419 | Zig:10   | Noticed an ancient lich
108422 | Zig:10   | Reached skill level 15 in Air Magic
108422 | Zig:10   | Killed an ancient lich
108429 | Zig:10   | Found the +4 dagger "Morg" {pain, MR+ Int+5}
108518 | Zig:11   | Entered Level 11 of a ziggurat
108697 | Zig:11   | Identified the Reference Book on the Blaze and the
                  | Snowflakes
108700 | Zig:11   | Identified the ring "Nieguriz" {rPois rF+ MR- AC+2} (You
                  | found it on level 11 of a ziggurat)
108703 | Zig:12   | Entered Level 12 of a ziggurat
108865 | Zig:13   | Entered Level 13 of a ziggurat
108872 | Zig:13   | Noticed Jipriwyl the pandemonium lord
108876 | Zig:13   | Noticed Egoadan the pandemonium lord
108878 | Zig:13   | Noticed Nuodaud the pandemonium lord
108884 | Zig:13   | Killed Jipriwyl the pandemonium lord
108889 | Zig:13   | Noticed Ruqy the pandemonium lord
108889 | Zig:13   | Noticed Wygudd the pandemonium lord
108893 | Zig:13   | Noticed Bejanus the pandemonium lord
108903 | Zig:13   | Killed Nuodaud the pandemonium lord
108912 | Zig:13   | Killed Egoadan the pandemonium lord
108913 | Zig:13   | Killed Wygudd the pandemonium lord
108931 | Zig:13   | Killed Ruqy the pandemonium lord
108938 | Zig:13   | Killed Bejanus the pandemonium lord
108960 | Zig:13   | Identified the Volume of Unstable Poison
108967 | Zig:13   | Identified Giblek's Volume of Arcane Weapons
109100 | Zig:14   | Entered Level 14 of a ziggurat
109100 | Zig:14   | Noticed an ancient lich
109109 | Zig:14   | Noticed an ancient lich
109119 | Zig:14   | Killed an ancient lich
109355 | Zig:14   | Killed an ancient lich
109535 | Zig:14   | Identified the +0 pair of gloves of the Ancient Shrikes
                  | {*Drain Regen+ Str-2 Int+5} (You found it on level 14 of a
                  | ziggurat)
109540 | Zig:14   | Identified the +0 cloak of Fodaomoc {*Corrode rF+ rC++
                  | Str+3} (You acquired it on level 14 of a ziggurat)
109631 | Zig:15   | Entered Level 15 of a ziggurat
109726 | Zig:15   | Identified the +2 pair of gloves "Fuekkack" {rElec rC-
                  | rCorr Dex+4} (You found it on level 15 of a ziggurat)
109733 | Zig:15   | Identified the Reference Book on Earthen Confrontation
109827 | Zig:16   | Entered Level 16 of a ziggurat
109850 | Zig:16   | Reached skill level 27 in Fire Magic
110071 | Zig:16   | Identified the amulet "Seacar" {Gourm Str+6} (You found it
                  | on level 16 of a ziggurat)
110074 | Zig:17   | Entered Level 17 of a ziggurat
110345 | Zig:17   | Identified the amulet of Senwobb {Faith Str+4} (You found
                  | it on level 17 of a ziggurat)
110359 | Zig:17   | Learned a level 8 spell: Controlled Blink
110367 | Zig:18   | Entered Level 18 of a ziggurat
110424 | Zig:18   | Reached skill level 1 in Translocations
110844 | Zig:18   | Found the +3 salamander hide armour {+Rage rF++}
110855 | Zig:18   | Identified the +1 pair of boots of Dishonesty {Int+2} (You
                  | acquired it on level 18 of a ziggurat)
110855 | Zig:18   | Identified the +8 eveningstar of the Immovable Hells
                  | {vorpal, +Fly rF+ rC+ Dex-3} (You acquired it on level 18
                  | of a ziggurat)
110867 | Zig:18   | Learned a level 8 spell: Lehudib's Crystal Spear
110889 | Zig:19   | Entered Level 19 of a ziggurat
110929 | Zig:19   | Reached skill level 5 in Translocations
111232 | Zig:19   | Identified the +2 scale mail of Boiling Hail {rF- rN+
                  | Int+4} (You acquired it on level 19 of a ziggurat)
111232 | Zig:19   | Identified the amulet of Tutidghu {rF++ rC+ Regen+} (You
                  | acquired it on level 19 of a ziggurat)
111234 | Zig:19   | Identified the amulet of Roz Pag {Acrobat Str+3} (You
                  | acquired it on level 19 of a ziggurat)
111242 | Zig:19   | Got a scintillating amber ring
111243 | Zig:19   | Identified the ring "Qytror" {rC+ EV+2} (You found it on
                  | level 19 of a ziggurat)
111254 | Zig:20   | Entered Level 20 of a ziggurat
111328 | Zig:20   | Found the +6 Majin-Bo {vamp, Archmagi MP+6 Int+6}
111342 | Zig:21   | Entered Level 21 of a ziggurat
111578 | Zig:21   | Found the ring of Shadows {Umbra +Inv Stlth+}
111578 | Zig:21   | Reached skill level 10 in Translocations
111604 | Zig:21   | Got a heavily runed diamond amulet
111680 | Zig:21   | Identified the amulet "Isofon" {+Rage Dex+2} (You found it
                  | on level 21 of a ziggurat)
111682 | Zig:21   | Identified the amulet "Maider" {Gourm +Inv rPois rC+++ MR-
                  | Str-4} (You found it on level 21 of a ziggurat)
111758 | Zig:22   | Entered Level 22 of a ziggurat
112134 | Zig:22   | Identified the Handbook of Congealing Flight
112150 | Zig:22   | Identified the Handbook of the Glacier and Aid
112153 | Zig:22   | Got a glittering turquoise ring
112154 | Zig:22   | Identified the ring of Meku {+Fly rN+ MR- Dex+3} (You found
                  | it on level 22 of a ziggurat)
112292 | Zig:23   | Entered Level 23 of a ziggurat
112315 | Zig:23   | Found the +6 lightning scales {run, rElec}
112341 | Zig:23   | Got a flickering lead ring
112342 | Zig:23   | Identified Sif Muna's Tome of Frigorific Unholy Arts
112429 | Zig:24   | Entered Level 24 of a ziggurat
112451 | Zig:24   | Paralysed by a great orb of eyes for 7 turns
112456 | Zig:24   | HP: 8/192 [acid (5)]
112456 | Zig:24   | Mangled by an acid blob

Levels and vault maps discovered:
D:1:      minmay_arrival_stone_box, layout_basic
D:2:      layout_loops_ring, elyvilon_altar_4, lemuel_tele_altar,
          uniq_crazy_yiuf_cottage
D:3:      layout_loops_cross, first_ration
D:4:      layout_loops_cross
D:5:      cheibrodos_two_vegetables, layout_loops_ring
D:6:      black_bear_nest_1, layout_basic, minmay_temple_entry_poolview
D:7:      layout_loops_ring, nicolae_ru_sacrificial_ziggurat,
          gammafunk_temple_overflow_elements, serial_shops,
          nicolae_shop_overgrown_old_shop, serial_glass, glass_columns_b,
          glass_columns_a, moated_statue
D:8:      layout_basic, kennysheep_mini, marbit_many_paths, erik_lair_island,
          basic_altar, kennysheep_decorative_pillar
D:9:      layout_loops_ring, old_standard_altar, ebering_ghost_funeral_grove,
          grunt_pizzeria
D:10:     layout_basic, serial_glass, glass_columns_c, glass_columns_b,
          glass_columns_b, glass_columns_a, glass_columns_a, glass_columns_a,
          minmay_strange_pillars, serial_shops,
          nicolae_shop_competitors_out_of_business
D:11:     layout_loops_ring, david_orc_3, serial_shops, shop, nrook_campfire,
          grunt_dithmenos_smoke_and_mirrors
D:12:     layout_irregular_city, gauntlet_entry_generic, uniq_erolcha
D:13:     layout_grid_maze, minmay_between, uniq_frances
D:14:     layout_roguey, erik_vaults_1, kennysheep_nondescript, serial_aquarium,
          aquarium_bridge_long_separate [aquarium_subvault_bridge,
          aquarium_subvault_window, aquarium_subvault_bridge,
          aquarium_subvault_window, aquarium_subvault_balcony,
          aquarium_subvault_bridge], aquarium_window_1, aquarium_window_1,
          aquarium_window_1, aquarium_view_2d, aquarium_view_2f,
          aquarium_balcony_1b
D:15:     hangedman_depths_entry_civil_slaughter, layout_stronghold,
          serial_undead, serial_undead_f, serial_undead_a, serial_undead_a,
          serial_undead_e, uniq_agnes
Temple:   regret_index_temple_generic_petals
Lair:1:   layout_loops_ring, lemuel_oklob_altar, lemuel_fruit_fields
Lair:2:   layout_cellular_growth, kennysheep_rathole
Lair:3:   layout_loops_ring, shoals_dummy_entry, small_statue_intersection,
          minivault_23
Lair:4:   onia_ninara_swampy_vault, layout_regular_city,
          guppyfry_snake_entry_island, st_stairs_6, serial_bayou_shore_b,
          lemuel_fruit_fields
Lair:5:   layout_hall_layers, infiniplex_staircase_pool_2
Lair:6:   hangedman_lair_caniforms_friends, layout_regular_city,
          hangedman_lair_in_review, slime_altar_2, serial_bayou_shore_a
Shoals:1: layout_shoals, nicolae_shoals_square_sea_wall
Shoals:2: layout_shoals, st_shoals_ruin
Shoals:3: layout_shoals, nicolae_shoals_loop_pool
Shoals:4: shoals_end_simple, layout_shoals, serial_shops, nicolae_shop_trees,
          uniq_aizul, uniq_polyphemus, uniq_louise
Snake:1:  layout_grid_maze, basic_altar, serial_shops, shop_statue
Snake:2:  layout_gridlike, serial_bayou, serial_bayou_crossing,
          serial_bayou_pond_d, serial_bayou_lagoon_a, serial_bayou_shore_b,
          basic_altar, ebering_ghost_gozag, lemuel_fruit_tree, minmay_shop_star
Snake:3:  layout_onion, serial_shops, bzr_entry_road, drop_trap
Snake:4:  grunt_snake_rune_spirals, layout_onion_interference, serial_shops,
          nicolae_shop_behind_doors, uniq_roxanne, uniq_asterion, uniq_donald
Slime:1:  layout_caves
Slime:2:  layout_caves
Slime:3:  layout_caves
Slime:4:  layout_caves
Slime:5
Orc:1:    layout_diamond_mine, serial_shops,
          nicolae_shop_competitors_out_of_business, basic_altar, uniq_snorg,
          uniq_sonja, uniq_erica
Orc:2:    kennysheep_orc_mage_school, layout_diamond_mine, roderic_batcave
Elf:1:    minmay_elf_arrival_summoners, layout_gridlike, serial_shops,
          bzr_entry_dummy, minmay_elf_annihilation
Elf:2:    layout_geoelf_octagon, grunt_ministairs_8
Elf:3:    elf_hall, layout_geoelf_octagon, serial_shops, shop
Vaults:1: vaults_room_grunt_arrival_ludios, v_misc_26, nicolae_vaults_alarming,
          v_misc_22, nicolae_vaults_angled_halls, vaults_dpeg_encased_lava,
          v_misc_22, vaults_mumra_lcd, nicolae_vaults_big_angled_halls,
          hangedman_vaults_corner_blocks, nicolae_vaults_little_squares_5,
          layout_vaults_quadrants
Vaults:2: vaults_mumra_hexcomb, vaults_standard_mumra_x,
          nicolae_vaults_little_squares_2, nicolae_vaults_mini_display_case,
          layout_vaults_chaotic_city, dummy_crypt_entry, serial_shops, shop
Vaults:3: grunt_vaults_hallway_long, vaults_room_ringed_pool, vaults_dpeg_doors,
          nicolae_vaults_network_quinsquares
          [nicolae_vaults_network_quincunx_subvault,
          nicolae_vaults_network_quincunx_subvault,
          nicolae_vaults_network_quincunx_subvault,
          nicolae_vaults_network_quincunx_subvault], v_misc_12,
          hangedman_vaults_unwind, nicolae_vaults_know_your_exits, v_rooms_1,
          nicolae_vaults_shelves_hall, v_misc_11, v_alt_pattern_3,
          vaults_dpeg_hooks, v_rooms_2, vaults_room_pool,
          layout_vaults_omnicross
Vaults:4: vaults_room_grid, v_alt_pattern_6, v_pattern_4, special_room_vaults
          [special_room_orc], v_misc_3, v_rooms_5, ontoclasm_vaults_ring_square,
          hangedman_vaults_trim, hangedman_vaults_cutoff, v_alt_pattern_1,
          layout_vaults_maze_bifur, uniq_saint_roka
Vaults:5: serial_shops
Crypt:1:  layout_regular_city, gammafunk_ghost_crypt
Crypt:2:  layout_catacombs
Crypt:3:  lightli_unholy_cathedral, layout_chaotic_city,
          nicolae_tomb_entry_grand_gallery, grunt_ministairs_14, uniq_margery,
          uniq_sojobo
Tomb:1
Tomb:2
Tomb:3
Depths:1: evilmike_marble_ring, layout_cave_pools, corexii_hall_statues_l,
          abyss_entry, grunt_metal_band, laboratory
Depths:2: cheibrodos_quadrivalence, layout_gridlike, enter_ziggurat_f,
          pf_hell_entry_tar_spiral, infiniplex_staircase_pool_1,
          minmay_shop_grove
Depths:3: kennysheep_large_spiral, layout_cave_pools,
          minmay_staircase_windowed_large, hangedman_coc_ice_floe,
          abyss_entry_small_statue_room, pan_entry, uniq_mennas
Depths:4: minmay_the_grid_triangle_9x9_recursive_2
          [minmay_the_grid_triangle_9x9_prize_insulated,
          minmay_the_grid_triangle_9x9_minimal,
          minmay_the_grid_triangle_9x9_thin_v,
          minmay_the_grid_triangle_9x9_wacky_v], layout_cave_pools,
          wad_floor_pattern_untrapped, pan_entry, hell_entry, special_room
          [special_room_jelly], abyss_entry_crystal,
          hangedman_decor_diamond_cutter, infiniplex_staircase_zigzag_1,
          uniq_frederick
Depths:5: grunt_twist_and_shout, layout_basic, pf_vacation_house_of_asmodeus,
          nicolae_wwwww, roderic_serpentine_path, uniq_boris, uniq_enchantress
Hell
Dis:1:    layout_subdivisions
Dis:2:    layout_chaotic_city
Dis:3:    layout_regular_city, grunt_megastairs_3
Dis:4:    layout_overlapping_boxes
Dis:6:    layout_regular_city
Dis:7:    dis_st
Geh:1:    layout_gehenna_pools_basic, gehenna_fire_generator, door_vault
Geh:2:    layout_gehenna_lava_caves
Geh:3:    minmay_firetagon, layout_gehenna_pools_box
Geh:4:    layout_gehenna_pools_basic, lemuel_old_faithful
Geh:6:    layout_gehenna_pools_basic, hangedman_mysterious_dungeon_monster_house
Geh:7:    geh_mu
Coc:1:    layout_cocytus_water_paths
Coc:2:    layout_cocytus_water_paths
Coc:3:    layout_cocytus_delve, nooodl_cocytus_jagged_cave
Coc:4:    layout_cocytus_water_paths
Coc:5:    layout_ice_bergs
Coc:6:    layout_cocytus_water_paths
Coc:7:    coc_old
Tar:1:    layout_grid_maze
Tar:2:    layout_cathedral_of_symmetry
Tar:3:    layout_catacombs
Tar:5:    layout_honeycomb
Tar:6:    layout_grid_maze
Tar:7:    tar_grunt_cathedral
Zot:1:    layout_misc_corridors, door_vault, grunt_megastairs_2
Zot:2:    layout_misc_corridors, hangedman_zot_gyre
Zot:3:    layout_gridlike, grunt_ministairs_13
Zot:4:    layout_onion_interference
Zig:24:   ziggurat_pillar_centre_oklobs, ziggurat_pillar_centre_oklobs,
          ziggurat_pillar_centre_oklobs, ziggurat_pillar_centre_oklobs

Skill      XL: |  1  2  3  4  5  6  7  8  9 10 11 12 13 14 15 16 17 18 19 20 21 22 23 24 25 26 27 |
---------------+----------------------------------------------------------------------------------+-----
Shields        | 4 5 6 7 9 10 11 12 13 15 20 | 20.0
Armour         | 4 5 6 7 9 10 12 13 14 15 16 17 18 19 20 27 | 27.0
Fighting       | 4 5 6 9 10 12 13 14 15 24 | 24.8
Maces & Flails | 3 4 5 6 8 9 11 13 15 16 17 22 | 22.0
Invocations    | 3 6 8 10 11 13 15 | 15.0
Earth Magic    | 4 9 10 11 13 14 16 17 18 19 21 27 | 27.0
Conjurations   | 1 3 5 7 10 12 13 14 15 22 | 22.0
Throwing       | 1 5 7 9 10 11 12 13 14 15 16 | 16.0
Spellcasting   | 1 4 5 7 9 10 27 | 27.0
Hexes          | 2 3 |  3.0
Fire Magic     | 27 | 27.0
Evocations     | 10 | 10.0
Transmutations | 3 |  3.0
Summonings     | 10 | 10.0
Air Magic      | 19 | 19.8
Translocations | 13 | 13.7

Action                   |  1- 3 |  4- 6 |  7- 9 | 10-12 | 13-15 | 16-18 | 19-21 | 22-24 | 25-27 || total
-------------------------+-------+-------+-------+-------+-------+-------+-------+-------+-------++-------
Melee: Flail             |   162 |   235 |   365 |   264 |       |       |       |       |       ||  1026
       Eveningstar       |       |       |       |   372 |   993 |   772 |  1226 |  1162 |  8398 || 12923
       Headbutt          |       |       |       |       |       |       |       |       |    90 ||    90
       Staff             |       |       |       |       |       |       |       |       |    43 ||    43
Throw: Boomerang         |       |       |       |       |       |       |   193 |       |       ||   193
       Javelin           |       |       |       |       |       |       |   273 |    86 |   214 ||   573
 Cast: Stone Arrow       |       |       |       |       |       |     5 |     4 |       |    10 ||    19
       Leda's Liquefacti |       |       |       |       |       |       |       |     1 |     9 ||    10
       Lee's Rapid Decon |       |       |       |       |       |       |       |       |    51 ||    51
       Iron Shot         |       |       |       |       |       |       |       |       |   295 ||   295
       Shatter           |       |       |       |       |       |       |       |       |   247 ||   247
       Ignition          |       |       |       |       |       |       |       |       |   242 ||   242
       Bolt of Magma     |       |       |       |       |       |       |       |       |   173 ||   173
       Starburst         |       |       |       |       |       |       |       |       |    44 ||    44
       Orb of Destructio |       |       |       |       |       |       |       |       |    20 ||    20
       Spellforged Servi |       |       |       |       |       |       |       |       |    14 ||    14
       Controlled Blink  |       |       |       |       |       |       |       |       |     1 ||     1
       Lehudib's Crystal |       |       |       |       |       |       |       |       |     1 ||     1
Invok: Divine Shield     |       |       |       |     2 |     1 |       |     2 |     5 |     4 ||    14
       Cleansing Flame   |       |       |       |       |    15 |    18 |     2 |   106 |   316 ||   457
       Summon Divine War |       |       |       |       |     2 |     5 |     1 |     1 |    17 ||    26
       Brand Weapon With |       |       |       |       |       |       |     1 |       |       ||     1
 Abil: Fly               |       |       |       |       |     1 |     2 |     9 |       |     1 ||    13
       Stop Flying       |       |       |       |       |       |     2 |     9 |       |     2 ||    13
       Evoke Blink       |       |       |       |       |       |       |       |       |     1 ||     1
Evoke: Wand              |       |     2 |    13 |     9 |    10 |       |       |     1 |    13 ||    48
       Phial of floods   |       |       |       |     1 |     3 |     2 |     3 |     1 |     6 ||    16
       Lightning rod     |       |       |       |       |       |     1 |       |       |     1 ||     2
       Box of beasts     |       |       |       |       |       |     2 |     1 |       |     6 ||     9
  Use: Scroll            |       |     2 |     3 |    13 |     8 |    23 |    13 |     8 |   102 ||   172
       Potion            |       |       |     5 |     1 |     3 |     3 |     4 |     4 |    82 ||   102
 Stab: Paralysed         |       |     2 |       |       |       |       |       |       |       ||     2
  Eat: Chunk             |     2 |     8 |    12 |    19 |    26 |    10 |    37 |    17 |   257 ||   388
       Ration            |       |       |     1 |     1 |     2 |     5 |     1 |     6 |    56 ||    72
Armor: Scale mail        |    65 |       |       |       |       |       |       |       |       ||    65
       Chain mail        |    30 |   163 |   253 |    82 |       |       |       |       |       ||   528
       Skin              |       |       |     2 |       |       |       |       |       |       ||     2
       Plate armour      |       |       |       |   180 |   444 |   407 |   536 |   331 |       ||  1898
       Gold dragon scale |       |       |       |       |       |       |       |   555 |  6871 ||  7426
       Crystal plate arm |       |       |       |       |       |       |       |       |   682 ||   682
Dodge: Dodged            |    41 |    52 |   121 |   114 |   157 |   147 |   228 |   247 |  2262 ||  3369
Block: Kite shield       |    82 |   139 |   221 |   310 |   511 |   475 |   682 |   773 |  6583 ||  9776
       Tower shield      |       |       |       |       |       |   117 |       |       |       ||   117
       Reflection        |       |       |       |       |       |       |       |       |    16 ||    16

Table legend:
 A = Non-vault XP
 B = Vault XP
 C = Vault XP percentage of total XP
 D = Non-vault monster count
 E = Vault monster count
 F = Vault count percentage of total count
                 A         B        C        D         E       F
            +---------+---------+-------+---------+---------+-------
      Total | 3545215 | 1594078 |  31.0 |    5242 |    1454 |  21.7
            +---------+---------+-------+---------+---------+-------
        D:1 |      28 |       0 |   0.0 |      19 |       0 |   0.0
        D:2 |      54 |       0 |   0.0 |      28 |       0 |   0.0
        D:3 |     161 |       0 |   0.0 |      27 |       0 |   0.0
        D:4 |     100 |       0 |   0.0 |       9 |       0 |   0.0
        D:5 |     447 |     379 |  45.9 |      20 |       9 |  31.0
        D:6 |    1013 |     131 |  11.5 |      27 |       1 |   3.6
        D:7 |     963 |       0 |   0.0 |      19 |       0 |   0.0
        D:8 |    1893 |     666 |  26.0 |      14 |       7 |  33.3
        D:9 |    2320 |     125 |   5.1 |      35 |       1 |   2.8
       D:10 |    2154 |       0 |   0.0 |      24 |       0 |   0.0
       D:11 |    6951 |     227 |   3.2 |      46 |       6 |  11.5
       D:12 |    7638 |     997 |  11.5 |      41 |       1 |   2.4
       D:13 |    6499 |    2885 |  30.7 |      25 |       7 |  21.9
       D:14 |   10583 |    2603 |  19.7 |      39 |       5 |  11.4
       D:15 |   14937 |   16835 |  53.0 |      51 |      21 |  29.2
     Lair:1 |    3656 |     527 |  12.6 |      20 |       1 |   4.8
     Lair:2 |    5490 |     174 |   3.1 |      19 |      11 |  36.7
     Lair:3 |    5892 |       0 |   0.0 |      23 |       0 |   0.0
     Lair:4 |    3926 |    5687 |  59.2 |      17 |      16 |  48.5
     Lair:5 |    5276 |       0 |   0.0 |      24 |       0 |   0.0
     Lair:6 |    6630 |   19867 |  75.0 |      11 |      79 |  87.8
   Shoals:1 |   17130 |       0 |   0.0 |      37 |       0 |   0.0
   Shoals:2 |   20898 |    7072 |  25.3 |      40 |       9 |  18.4
   Shoals:3 |   16343 |    1182 |   6.7 |      29 |       2 |   6.5
   Shoals:4 |    9517 |   34173 |  78.2 |      18 |      48 |  72.7
    Snake:1 |   13147 |       0 |   0.0 |      28 |       0 |   0.0
    Snake:2 |   19170 |    4913 |  20.4 |      40 |       8 |  16.7
    Snake:3 |   11289 |       0 |   0.0 |      20 |       0 |   0.0
    Snake:4 |   11031 |   47480 |  81.1 |      22 |      96 |  81.4
    Slime:1 |    2822 |       0 |   0.0 |       5 |       0 |   0.0
    Slime:2 |   10666 |       0 |   0.0 |      15 |       0 |   0.0
    Slime:3 |   20097 |       0 |   0.0 |      32 |       0 |   0.0
    Slime:4 |   11907 |    2627 |  18.1 |      27 |       1 |   3.6
    Slime:5 |   15211 |   29422 |  65.9 |      22 |      12 |  35.3
      Orc:1 |    2594 |    2827 |  52.1 |      40 |       3 |   7.0
      Orc:2 |    5266 |    8406 |  61.5 |      27 |      42 |  60.9
      Elf:1 |    9105 |    7558 |  45.4 |      14 |      12 |  46.2
      Elf:2 |   29322 |   25251 |  46.3 |      52 |      31 |  37.3
      Elf:3 |   26014 |   29730 |  53.3 |      40 |      24 |  37.5
   Vaults:1 |   37306 |    6707 |  15.2 |      58 |      13 |  18.3
   Vaults:2 |   53320 |    4626 |   8.0 |      93 |       7 |   7.0
   Vaults:3 |   53530 |   23191 |  30.2 |      81 |      28 |  25.7
   Vaults:4 |   40251 |   41695 |  50.9 |      50 |      70 |  58.3
   Vaults:5 |   19320 |  130111 |  87.1 |      28 |      90 |  76.3
    Crypt:1 |   50839 |   22756 |  30.9 |      68 |       5 |   6.8
    Crypt:2 |   23784 |       0 |   0.0 |      38 |       0 |   0.0
    Crypt:3 |   37022 |   62232 |  62.7 |      49 |      54 |  52.4
     Tomb:1 |    9335 |  157786 |  94.4 |      14 |      62 |  81.6
     Tomb:2 |   14576 |   45511 |  75.7 |      32 |      45 |  58.4
     Tomb:3 |    6952 |  117365 |  94.4 |      17 |      84 |  83.2
   Depths:1 |   48268 |   41836 |  46.4 |      55 |      47 |  46.1
   Depths:2 |   41605 |    3108 |   7.0 |      56 |       2 |   3.4
   Depths:3 |   24006 |   33343 |  58.1 |      26 |      13 |  33.3
   Depths:4 |   38090 |   67865 |  64.1 |      38 |      41 |  51.9
   Depths:5 |   27483 |   38233 |  58.2 |      34 |      23 |  40.4
       Hell |   17660 |   30293 |  63.2 |      25 |      42 |  62.7
      Dis:1 |   23427 |       0 |   0.0 |      59 |       0 |   0.0
      Dis:2 |    9395 |       0 |   0.0 |      24 |       0 |   0.0
      Dis:3 |    5134 |       0 |   0.0 |       9 |       0 |   0.0
      Dis:4 |    2101 |       0 |   0.0 |       3 |       0 |   0.0
      Dis:6 |   61741 |       0 |   0.0 |      72 |       0 |   0.0
      Dis:7 |   61399 |   42030 |  40.6 |      67 |      36 |  35.0
      Geh:1 |   30062 |   28497 |  48.7 |      73 |      14 |  16.1
      Geh:2 |   37419 |       0 |   0.0 |      75 |       0 |   0.0
      Geh:3 |   36200 |    2491 |   6.4 |      92 |       8 |   8.0
      Geh:4 |    2541 |       0 |   0.0 |       6 |       0 |   0.0
      Geh:6 |    7314 |       0 |   0.0 |      22 |       0 |   0.0
      Geh:7 |   84648 |   58219 |  40.8 |     128 |      40 |  23.8
      Coc:1 |   26606 |       0 |   0.0 |      57 |       0 |   0.0
      Coc:2 |   36370 |       0 |   0.0 |      68 |       0 |   0.0
      Coc:4 |   21427 |       0 |   0.0 |      47 |       0 |   0.0
      Coc:5 |   54832 |       0 |   0.0 |      52 |       0 |   0.0
      Coc:6 |   11655 |       0 |   0.0 |      27 |       0 |   0.0
      Coc:7 |  164594 |   56367 |  25.5 |     138 |      52 |  27.4
      Tar:1 |   33985 |       0 |   0.0 |      55 |       0 |   0.0
      Tar:2 |   35065 |       0 |   0.0 |      33 |       0 |   0.0
      Tar:3 |   14964 |       0 |   0.0 |      15 |       0 |   0.0
      Tar:5 |   60622 |       0 |   0.0 |      83 |       0 |   0.0
      Tar:6 |   25097 |       0 |   0.0 |      22 |       0 |   0.0
      Tar:7 |   53107 |  124006 |  70.0 |      56 |      70 |  55.6
      Zot:1 |   73709 |   63742 |  46.4 |      45 |      22 |  32.8
      Zot:2 |   44931 |    1614 |   3.5 |      27 |       1 |   3.6
      Zot:3 |   75291 |    8522 |  10.2 |      54 |       2 |   3.6
      Zot:4 |   36777 |       0 |   0.0 |      23 |       0 |   0.0
    Abyss:1 |  116497 |    2535 |   2.1 |     200 |       2 |   1.0
    Abyss:2 |   16329 |   17518 |  51.8 |      46 |      24 |  34.3
    Abyss:3 |   24016 |     151 |   0.6 |      37 |       1 |   2.6
    Abyss:4 |   12222 |   10906 |  47.2 |      23 |       8 |  25.8
    Abyss:5 |  532962 |    6684 |   1.2 |     954 |      14 |   1.4
        Pan |  118517 |   54132 |  31.4 |     151 |      47 |  23.7
      Zig:1 |    1561 |       0 |   0.0 |       2 |       0 |   0.0
      Zig:2 |    2689 |       0 |   0.0 |       3 |       0 |   0.0
      Zig:3 |    2912 |       0 |   0.0 |       6 |       0 |   0.0
      Zig:4 |    2458 |       0 |   0.0 |       6 |       0 |   0.0
      Zig:5 |    4899 |       0 |   0.0 |       8 |       0 |   0.0
      Zig:6 |   17032 |       0 |   0.0 |       6 |       0 |   0.0
      Zig:7 |   18230 |       0 |   0.0 |       9 |       0 |   0.0
      Zig:8 |   11877 |       0 |   0.0 |      15 |       0 |   0.0
      Zig:9 |   16676 |    2261 |  11.9 |      11 |       4 |  26.7
     Zig:10 |   25649 |       0 |   0.0 |      12 |       0 |   0.0
     Zig:11 |   20755 |       0 |   0.0 |      19 |       0 |   0.0
     Zig:12 |   23211 |       0 |   0.0 |      22 |       0 |   0.0
     Zig:13 |   60595 |       0 |   0.0 |      17 |       0 |   0.0
     Zig:14 |   41893 |   19558 |  31.8 |      37 |       4 |   9.8
     Zig:15 |   31807 |       0 |   0.0 |      29 |       0 |   0.0
     Zig:16 |   43675 |       0 |   0.0 |      31 |       0 |   0.0
     Zig:17 |   44387 |       0 |   0.0 |      32 |       0 |   0.0
     Zig:18 |   49659 |       0 |   0.0 |      31 |       0 |   0.0
     Zig:19 |   52359 |    4394 |   7.7 |      35 |       4 |  10.3
     Zig:20 |   43934 |       0 |   0.0 |      30 |       0 |   0.0
     Zig:21 |   62147 |       0 |   0.0 |      48 |       0 |   0.0
     Zig:22 |   54560 |    8797 |  13.9 |      63 |      16 |  20.3
     Zig:23 |   53387 |       0 |   0.0 |      88 |       0 |   0.0
     Zig:24 |   26420 |       0 |   0.0 |      31 |       0 |   0.0
   Gauntlet |       0 |    3252 | 100.0 |       0 |       6 | 100.0
            +---------+---------+-------+---------+---------+-------
